 Dungeon Crawl Stone Soup version 0.21.1-1-g345015f (webtiles) character file.

1879999 Kairos the Conqueror (level 27, -19/245 (249) HPs)
             Began as a Formicid Fighter on Apr 8, 2018.
             Was the Champion of Zin.
             Killed by a greater mummy's death curse (24 damage)
             ... on level 24 of a ziggurat on Apr 12, 2018.
             The game lasted 20:31:56 (211589 turns).

Kairos the Conqueror (Formicid Fighter)           Turns: 211589, Time: 20:31:57

HP:   -19/245 (249) AC: 50    Str: 41 (42) XL:     27
MP:   24/54         EV: 30    Int: 22      God:    Zin [******]
Gold: 22502         SH: 33    Dex: 23      Spells: 2/80 levels left

rFire    + + .     SeeInvis +   X - +9 executioner's axe (holy)
rCold    + + .     Gourm    .   J - +7 large shield of the Okapi {rPois Str-5 Dex+10}
rNeg     + + .     Faith    .   T - +9 scales of the Dragon King {rPois rF+ rC+ MR+}
rPois    +         Spirit   .   (helmet unavailable)
rElec    +         Reflect  .   h - +2 cloak of Minor Irritation {rPois Regen+ Str+5 Dex-4}
rCorr    .         Harm     .   O - +3 pair of gauntlets of War {Slay+5}
MR       +++..                  E - +1 pair of boots of Ifoig {rC- rN+ Regen+ Str+4}
Stlth    +++.......             u - amulet "Esamo" {rElec rF- Regen+ Str+4 Int+10}
HPRegen  1.70/turn              t - ring of Ascent {Wiz rF+ rC+ rN+}
MPRegen  0.34/turn              M - ring "Boupsymm" {rF+ rC+ Str+4 Int+2 Slay+3}

@: mighty, tornado, darkness, aura of abjuration, flying (expiring)
A: permanent stasis, dig shafts and tunnels, four strong arms, antennae 3, claws
1, thin metallic scales 1, mutation resistance 1, sense surroundings 1
}: 15/15 runes: decaying, serpentine, slimy, silver, golden, iron, obsidian,
icy, bone, abyssal, demonic, glowing, magical, fiery, dark
a: Dig, Shaft Self, Recite, Vitalisation, Imprison, Sanctuary, Donate Gold,
Renounce Religion


You were on level 24 of a ziggurat.
You worshipped Zin.
Zin was exalted by your worship.
You were not hungry.

You visited 16 branches of the dungeon, and saw 84 of its levels.
You visited Pandemonium 7 times, and saw 127 of its levels.
You visited the Abyss 3 times.
You visited 1 bazaar.
You visited 1 ziggurat, and saw 24 of its levels.
You also visited: Labyrinth, Trove, Sewer, Volcano and Wizlab.

You collected 28723 gold pieces.
You spent 5628 gold pieces at shops.
You donated 593 gold pieces to Zin.

Inventory:

Hand Weapons
 z - a +9 executioner's axe of flaming
 A - the +7 lajatang of Order {silver, rMut}
   (You took it off a vampire knight on level 3 of the Crypt)

   It protects you from mutation.
 L - a +9 sacred scourge of holy wrath
 X - a +9 executioner's axe of holy wrath (weapon)
 Y - the +8 Wrath of Trog {antimagic, *Rage}
   (You found it on level 20 of a ziggurat)

   It reduces the magical energy of the wielder, and disrupts the spells and
   magical abilities of those hit.
   Natural abilities and divine invocations are not affected.
   It may make you go berserk in combat.
Armour
 h - the +2 cloak of Minor Irritation (worn) {rPois Regen+ Str+5 Dex-4}
   (You found it on level 7 of Tartarus)

   It affects your strength (+5).
   It affects your dexterity (-4).
   It protects you from poison.
   It increases your rate of regeneration.
 l - a scarf of resistance
 x - +10 pearl dragon scales
 y - the -1 cloak of Kuivelirch {rC+ Str+4}
   (You found it in Pandemonium)

   It affects your strength (+4).
   It protects you from cold.
 B - the +2 ratskin cloak {+Rats rPois rN+ Str-1 Int-1 Dex+1}
   (You found it on level 4 of the Depths)

   It affects your strength (-1).
   It affects your intelligence (-1).
   It affects your dexterity (+1).
   It protects you from poison.
   It protects you from negative energy.
 E - the +1 pair of boots of Ifoig (worn) {rC- rN+ Regen+ Str+4}
   (You found it in Pandemonium)

   It affects your strength (+4).
   It makes you vulnerable to cold.
   It protects you from negative energy.
   It increases your rate of regeneration.
 J - the +7 large shield of the Okapi (worn) {rPois Str-5 Dex+10}
   (You took it off a daeva in Pandemonium)

   It affects your strength (-5).
   It affects your dexterity (+10).
   It protects you from poison.
 O - the +3 pair of gauntlets of War (worn) {Slay+5}
   (You found it on level 1 of the Snake Pit)

   It affects your accuracy and damage with ranged weapons and melee attacks
   (+5).
 T - the +9 scales of the Dragon King (worn) {rPois rF+ rC+ MR+}
   (You found it in a labyrinth)

   It protects you from fire.
   It protects you from cold.
   It protects you from poison.
   It affects your resistance to hostile enchantments.
 U - a +8 large shield of cold resistance
 Z - a +8 large shield of positive energy
Jewellery
 a - the ring "Verytry" {Wiz Str+8}
   (You found it in Pandemonium)

   [ring of wizardry]

   It improves your spell success rate.
   It affects your strength (+8).
 e - the amulet "Jecif" {Regen+ Str+8 Stlth-}
   (You found it on level 6 of a ziggurat)

   [amulet of regeneration]

   It affects your strength (+8).
   It increases your rate of regeneration.
   It makes you less stealthy.
 o - the necklace of Bloodlust {*Rage +Rage MR++ Int-3 Slay+6 *Curse}
   (You found it on level 5 of the Pits of Slime)

   [amulet of rage]

   It affects your intelligence (-3).
   It affects your accuracy and damage with ranged weapons and melee attacks
   (+6).
   It affects your resistance to hostile enchantments.
   It lets you go berserk.
   It may make you go berserk in combat.
   It curses itself when equipped.
 s - the ring of Mutualism {rCorr rPois MR++}
   (You acquired it in Pandemonium)

   [ring of resist corrosion]

   It protects you from poison.
   It affects your resistance to hostile enchantments.
 t - the ring of Ascent (left hand) {Wiz rF+ rC+ rN+}
   (You found it on level 22 of a ziggurat)

   [ring of wizardry]

   It improves your spell success rate.
   It protects you from fire.
   It protects you from cold.
   It protects you from negative energy.
 u - the amulet "Esamo" (around neck) {rElec rF- Regen+ Str+4 Int+10}
   (You bought it in a shop on level 2 of the Orcish Mines)

   [amulet of regeneration]

   It affects your strength (+4).
   It affects your intelligence (+10).
   It makes you vulnerable to fire.
   It insulates you from electricity.
   It increases your rate of regeneration.
 v - the ring "Rubuq" {Ice rN++ Int-4 Dex+2 Stlth+}
   (You found it on level 2 of the Tomb of the Ancients)

   [ring of ice]

   It enhances your ice magic.
   It affects your intelligence (-4).
   It affects your dexterity (+2).
   It makes you vulnerable to fire.
   It protects you from cold.
   It greatly protects you from negative energy.
   It makes you more stealthy.
 K - the amulet "Cuevuty" {Gourm -Tele rElec rN+++ Str-5}
   (You found it on level 19 of a ziggurat)

   [amulet of the gourmand]

   It allows you to eat raw meat even when not hungry.
   It affects your strength (-5).
   It insulates you from electricity.
   It renders you almost immune to negative energy.
   It prevents most forms of teleportation.
 M - the ring "Boupsymm" (right hand) {rF+ rC+ Str+4 Int+2 Slay+3}
   (You found it on level 17 of a ziggurat)

   [ring of intelligence]

   It affects your strength (+4).
   It affects your intelligence (+2).
   It affects your accuracy and damage with ranged weapons and melee attacks
   (+3).
   It protects you from fire.
   It protects you from cold.
 N - the ring "Allates" {+Fly rElec rC- MR+ Dex+7}
   (You found it in a labyrinth)

   [ring of protection from magic]

   It affects your dexterity (+7).
   It makes you vulnerable to cold.
   It insulates you from electricity.
   It affects your resistance to hostile enchantments.
   It lets you fly.
 P - the ring "Nozxy" {+Blink rC- rN+++ Dex+3 Stlth+}
   (You found it on level 21 of a ziggurat)

   [ring of dexterity]

   It affects your dexterity (+3).
   It makes you vulnerable to cold.
   It renders you almost immune to negative energy.
   It lets you blink.
   It makes you more stealthy.
 Q - the amulet "Vunisoi" {Gourm rPois rN+ Str-4 Int+6}
   (You found it on level 2 of the Depths)

   [amulet of the gourmand]

   It allows you to eat raw meat even when not hungry.
   It affects your strength (-4).
   It affects your intelligence (+6).
   It protects you from poison.
   It protects you from negative energy.
 W - the ring "Megij" {MP+9 Str+3 Int+3 Slay+3}
   (You found it on level 10 of a ziggurat)

   [ring of intelligence]

   It affects your strength (+3).
   It affects your intelligence (+3).
   It affects your accuracy and damage with ranged weapons and melee attacks
   (+3).
   It affects your magic capacity (+9).
Wands
 w - a wand of iceblast (222)
 G - a wand of digging (96)
Scrolls
 i - 32 scrolls of fear
 k - 105 scrolls of remove curse
 m - 17 scrolls of identify
 C - 25 scrolls of fog
 H - 5 scrolls of holy word
 R - a scroll of immolation
 S - 11 scrolls of summoning
 V - 32 scrolls of magic mapping
Potions
 b - 22 potions of ambrosia
 c - 10 potions of resistance
 d - 13 potions of might
 g - 22 potions of brilliance
 j - 7 potions of heal wounds
 p - 27 potions of flight
 q - 12 potions of agility
 r - 65 potions of curing
 D - 12 potions of cancellation
 F - 6 potions of invisibility
 I - 13 potions of magic
Miscellaneous
 n - a crystal ball of energy
Comestibles
 f - 111 rations


   Skills:
 O Level 27 Fighting
 O Level 27 Axes
 - Level 1.9(20.3) Maces & Flails
 - Level 14.2(14.3) Staves
 O Level 27 Armour
 O Level 27 Dodging
 O Level 27 Stealth
 - Level 18.1 Shields
 O Level 27 Spellcasting
   Level 3.2 Conjurations
 O Level 27 Hexes
 - Level 13.2 Charms
 - Level 18.4 Summonings
   Level 9.5 Necromancy
 O Level 27 Translocations
 + Level 14.0 Transmutations
 O Level 27 Fire Magic
 + Level 26.9 Ice Magic
 O Level 27 Air Magic
 O Level 27 Earth Magic
 O Level 27 Invocations
 + Level 18.0 Evocations


You had 2 spell levels left.
You knew the following spells:

 Your Spells              Type           Power        Failure   Level  Hunger
a - Apportation           Tloc           ######       0%          1    None
b - Disjunction           Tloc           #######...   1%          8    #####..
c - Darkness              Hex            #######...   1%          6    None
d - Ignition              Fire           #######...   1%          8    #####..
e - Passage of Golubria   Tloc           N/A          0%          4    None
f - Swiftness             Chrm/Air       #######.     0%          2    None
g - Aura of Abjuration    Summ           #######...   1%          5    None
h - Shatter               Erth           #######...   5%          9    ######.
i - Tornado               Air            #######...   5%          9    ######.
j - Metabolic Englaciati  Hex/Ice        #######...   0%          5    None
k - Silence               Hex/Air        #######...   0%          5    None
l - Invisibility          Hex            #######.     1%          6    None
m - Passwall              Tmut/Erth      #######...   0%          2    None
n - Shroud of Golubria    Chrm/Tloc      #######...   0%          2    None
o - Inner Flame           Hex/Fire       #######.     0%          3    None
p - Teleport Other        Tloc           #######.     0%          3    None


Dungeon Overview and Level Annotations

Branches:
Dungeon (15/15)            Temple (0/1) D:7            Lair (6/6) D:8
  Swamp (4/4) Lair:2        Snake (4/4) Lair:4        Slime (5/5) Lair:6
    Orc (2/2) D:11            Elf (3/3) Orc:2        Vaults (5/5) D:14
  Crypt (3/3) Vaults:2       Tomb (3/3) Crypt:3      Depths (5/5) D:15
   Hell (1/1)                 Dis (7/7) Hell            Geh (7/7) Hell
    Coc (7/7) Hell            Tar (7/7) Hell            Zot (0/5) Depths:5

Altars:
Ashenzari
Okawaru
Ru
Sif Muna
Trog
Uskayaw
Xom
Yredelemnul
Zin
The Shining One
Lugonu

Shops:
D:10 [   D:12 *   Orc:2 ==[*   Elf:2 *   Elf:3 [   Snake:3 !   Vaults:4 *
Vaults:5 %   Depths:3 *   Depths:4 *   Depths:5 =}=

Portals:
Hell: Depths:1 Depths:2 Depths:3 Depths:4 Depths:5
Abyss: Depths:1 Depths:4
Pandemonium: Depths:1 Depths:2 Depths:3 Depths:5
Ziggurat: Depths:4

Annotations:
D:12 1 runed door


Innate Abilities, Weirdness & Mutations

You cannot be hasted, slowed, berserked, paralysed or teleported.
You can dig through walls and to a lower floor.
Your four strong arms can wield two-handed weapons with a shield.
You have a pair of large antennae on your head. (SInv)
You have sharp fingernails.
You are partially covered in thin metallic scales. (AC +2)
You are somewhat resistant to further mutation.
You passively map a small area around you.


Message History

The reaper is lightly wounded.
The fireball engulfs the soul eater.
The soul eater is moderately wounded.
The fireball engulfs the greater mummy.
The greater mummy is almost destroyed.
The fireball engulfs the greater mummy.
The greater mummy is heavily damaged.
The fireball engulfs the ushabti.
The ushabti resists.
The ushabti is almost destroyed.
You destroy the greater mummy!
Zin accepts your kill.
You feel extremely nervous for a moment...
Your body is wracked with pain!
* * * LOW HITPOINT WARNING * * *
Your life force feels restored.
You destroy the greater mummy!
Zin accepts your kill.
You feel extremely nervous for a moment...
You convulse helplessly as pain tears through your body!
You die...

, , §..§.§.§.§.*
.§§§§.§§§§§▓▓▓▓▓▓▓▓▓▓▓
.§§§§§§§§§............
,
{§§§2§§§W§.............
#§2§§§##............. ,
{*#§§§@§##.............
.§§§3§§M§§............
,
{8§§§§§M§§§............
,
.§§§§§M§§§............
§M§§§§§§§§............
,
{§.3.§§....§...........
,,{
#.{.{.##............. ,
#.....*#.............
.....................


You could see 4 greater mummies, 2 reapers, a soul eater, a sun demon, an
ushabti and a shadow.

Vanquished Creatures
  Cerebov (Pan)
  Asmodeus (Geh:7)
  Antaeus (Coc:7)
  the Royal Jelly (Slime:5)
  Gloorx Vloq (Pan)
  A seraph (Pan)
  Mnoleg (Pan)
  Ereshkigal (Tar:7)
  the Serpent of Hell (Coc:7)
  Lom Lobon (Pan)
  9 ancient liches
  Dispater (Dis:7)
  The ghost of Agrougrou the Archmage, a legendary GrEE of Vehumet (Zig:21)
  Mennas (Pan)
  Mara (Depths:2)
  4 orbs of fire
  11 juggernauts
  31 greater mummies
  Sojobo (Depths:1)
  9 shard shrikes
  Boris (Depths:3)
  Bai Suzhen (Depths:2)
  the Lernaean hydra (Swamp:4)
  Frederick (Tomb:2)
  Vashnia (Snake:2)
  10 Killer Klowns
  4 caustic shrikes
  The ghost of tidbits the Tortoise, a veteran GnIE of Cheibriados (Zig:8)
  A profane servitor (Abyss:1)
  Geryon (Hell)
  4 golden dragons
  17 bone dragons
  Jory (Crypt:3)
  Nikola (Snake:2)
  3 pearl dragons
  the Enchantress (Depths:3)
  The ghost of Setanta the Anointer, an adept GnFi of Gozag (Elf:3)
  91 Tzitzimimeh
  4 doom hounds
  5 hellephants
  7 iron giants
  The ghost of Verendum the Hoplite, a veteran GrFi of Hepliaklqana (Depths:3)
  A Cloud Mage (WizLab)
  83 Brimstone Fiends
  Jorgrun (Depths:4)
  8 tentacled monstrosities
  66 Ice Fiends
  125 pandemonium lords
  68 Hell Sentinels
  A quicksilver dragon (shapeshifter) (Zig:18)
  17 titans
  25 liches
  7 quicksilver dragons
  7 deep elf blademasters
  31 tentacled starspawn
  35 acid blobs
  29 ancient champions
  6 deep elf master archers
  19 sphinxes
  123 Executioners
  An eldritch tentacle (Pan)
  A draconian monk (Depths:5)
  10 shadow dragons
  3 thorn hunters
  5 storm dragons
  Roxanne (Elf:2)
  14 revenants
  11 tengu reavers
  Kirke (Snake:4)
  A shadow dragon (shapeshifter) (Zig:18)
  20 azure jellies
  The ghost of Setanta the Blocker, an adept GnFi of Okawaru (Swamp:4)
  An azure jelly (shapeshifter) (Zig:14)
  8 nagarajas
  37 daevas
  28 fire giants
  28 frost giants
  12 iron dragons
  5 deep elf sorcerers
  A frost giant (shapeshifter) (Pan)
  12 vault wardens
  3 ghost moths (Pan)
  Louise (Elf:2)
  168 balrugs
  2 draconian scorchers
  7 curse skulls
  An emperor scorpion (Zig:6)
  2 juggernaut zombies (Zig:17)
  90 corrupters
  12 orc warlords
  2 caustic shrike zombies
  8 deep elf elementalists
  99 warmongers
  4 draconian shifters
  143 cacodemons
  44 angels
  13 ghouls
  A draconian annihilator (Pan)
  4 spriggan defenders
  167 reapers
  13 ironheart preservers
  A stone giant (shapeshifter) (Zig:14)
  48 stone giants
  424 large abominations
  The ghost of Flooderbenga the Thaumaturge, a journeyman GnNe of Cheibriados (Snake:2)
  5 elemental wellsprings
  20 ophanim
  104 blood saints
  A juggernaut skeleton (Crypt:2)
  4 entropy weavers
  29 vampire knights
  44 very ugly things
  86 black suns
  12 deep elf demonologists
  2 green draconians
  The ghost of Redear the Black Belt, a journeyman OpWr of Elyvilon (D:13)
  3 bennus
  5 white draconians
  3 black draconians
  38 apis
  121 lorocyprocas
  12 deep elf annihilators
  A spark wasp (shapeshifter) (Vaults:5)
  2 purple draconians (Depths:5)
  2 yellow draconians
  4 spark wasps
  8 eidola
  4 red draconians (Depths:5)
  123 green deaths
  176 blizzard demons
  6 quicksilver dragon zombies
  18 fire dragons
  11 deep elf death magi
  12 ettins
  A minotaur (Lab)
  31 mummy priests
  9 death oozes (Slime:5)
  18 yaktaur captains
  13 jiangshi
  A great orb of eyes (shapeshifter) (Vaults:5)
  8 deep elf high priests
  22 hydras
  31 hell beasts
  29 vault guards
  21 rakshasas
  97 monstrous demonspawn
  14 great orbs of eyes
  23 ice dragons
  18 naga warriors
  2 juggernaut simulacra (Pan)
  6 quicksilver dragon skeletons
  6 ghost crabs
  9 spriggan air magi
  10 anacondas
  A catoblepas (Abyss:5)
  10 centaur warriors
  5 alligators
  33 two-headed ogres
  An anaconda (shapeshifter) (Vaults:4)
  5 death knights
  9 ogre magi
  5 deep troll shamans
  28 dancing weapons
  59 death scarabs
  27 hell hogs
  9 titan zombies
  A queen ant (Lair:4)
  7 tengu warriors
  5 shock serpents
  6 deep troll earth magi
  14 vampire magi
  3 death yaks (Lair:6)
  37 thrashing horrors
  12 orc high priests
  14 naga sharpshooters
  9 spriggan berserkers
  507 sun demons
  28 wretched stars
  55 hell knights
  356 soul eaters
  9 iron golems
  Sonja (D:11)
  8 storm dragon zombies
  8 fire crabs
  Nergalle (D:10)
  68 small abominations
  38 deep elf knights
  8 titan skeletons
  2 salamander mystics
  38 shadow wraiths
  2 iron trolls (shapeshifter)
  12 spatial maelstroms
  42 iron trolls
  25 deep trolls
  170 skeletal warriors
  2 storm dragon skeletons
  219 sixfirhies
  A spark wasp zombie (Zig:5)
  An unseen horror (shapeshifter) (Depths:3)
  2 death drakes
  24 cherubim
  A glowing orange brain (shapeshifter) (Vaults:2)
  86 infernal demonspawn (Pan)
  15 glowing orange brains
  A spriggan druid (Swamp:3)
  8 golden dragon zombies
  26 flayed ghosts
  2 quicksilver dragon simulacra (Depths:4)
  130 shadow demons
  115 torturous demonspawn (Pan)
  18 ironbrand convokers
  7 wizards
  31 deep elf archers
  13 unseen horrors
  8 naga ritualists
  15 swamp dragons
  20 orc knights
  5 anaconda zombies
  A shambling mangrove (Swamp:2)
  116 gelid demonspawn
  4 shadow dragon zombies
  5 ghost moth zombies
  A harpy (shapeshifter) (Depths:3)
  119 starcursed masses
  8 anaconda skeletons
  11 iron dragon zombies
  4 tengu zombies
  17 mana vipers
  2 wolf spider zombies
  35 phantasmal warriors
  2 orb spiders
  7 golden dragon skeletons
  2 harpies
  A sphinx zombie (Zig:17)
  5 stone giant zombies
  7 manticores
  22 necromancers
  19 frost giant zombies
  A faun (shapeshifter) (Vaults:3)
  14 shining eyes
  A wolf spider (shapeshifter) (Zig:14)
  2 shining eyes (shapeshifter)
  58 ugly things
  11 fire giant zombies
  16 worldbinders
  89 deep elf magi
  A salamander (shapeshifter) (Abyss:3)
  5 tengu skeletons
  10 orc sorcerers
  3 wolf spiders
  7 salamanders
  4 shadow dragon skeletons
  19 moths of wrath
  2 oklob plants (Lair:3)
  A moth of wrath (shapeshifter) (Zig:18)
  5 cyclopes
  5 shock serpent zombies
  82 rust devils
  3 iron dragon skeletons
  17 naga magi
  26 black mambas
  4 centaur zombies
  7 fire giant skeletons
  3 guardian serpents (shapeshifter)
  6 stone giant skeletons
  5 draconians (Abyss:3)
  2 black mambas (shapeshifter)
  16 vault sentinels
  6 ice statues
  4 dire elephant zombies
  6 frost giant skeletons
  3 spriggan zombies
  9 spiny frogs
  Psyche (D:9)
  13 guardian serpents
  196 orange demons
  7 centaur skeletons
  15 apocalypse crabs
  4 molten gargoyles
  467 smoke demons
  3 gargoyles
  A catoblepas zombie (Dis:6)
  2 kobold demonologists
  2 shock serpent skeletons
  8 eyes of devastation
  2 human zombies
  2 emperor scorpion zombies
  A spiny frog (shapeshifter) (Zig:23)
  5 dire elephant skeletons
  148 hellions
  A yellow draconian zombie (Geh:7)
  3 yaktaurs (shapeshifter)
  2 elf skeletons
  A komodo dragon (shapeshifter) (Abyss:5)
  35 freezing wraiths
  77 ice devils
  10 rime drakes
  174 tormentors
  35 efreet
  An iron troll zombie (Crypt:2)
  7 komodo dragons
  27 ancient zymes
  41 yaktaurs
  167 demonic crawlers
  149 hellwings
  14 hydra zombies
  6 human skeletons
  85 guardian mummies
  12 trolls
  A ghost moth simulacrum (Abyss:3)
  A yaktaur skeleton (Vaults:4)
  4 harpy zombies
  A queen bee (shapeshifter) (Abyss:3)
  6 tengu conjurers
  3 silent spectres
  2 wind drakes (WizLab)
  A jumping spider (Zig:6)
  A jumping spider (shapeshifter) (Abyss:3)
  258 red devils
  2 merfolk (shapeshifter)
  4 polar bears
  A pale draconian skeleton (Crypt:2)
  13 blink frogs
  A slime creature (shapeshifter) (Zig:8)
  18 hornets
  3 minotaur zombies
  A troll (shapeshifter) (Vaults:4)
  8 tyrant leeches
  A meliai (shapeshifter) (Zig:23)
  3 meliai (D:13)
  8 alligator zombies
  12 ettin zombies
  11 ice dragon zombies
  46 raiju
  8 hydra skeletons
  2 hippogriffs (shapeshifter)
  28 bog bodies
  115 slime creatures
  A sphinx simulacrum (Zig:16)
  2 frost giant simulacra
  6 hippogriffs
  5 harpy skeletons
  3 fire dragon zombies
  13 air elementals
  A snapping turtle (shapeshifter) (Zig:14)
  2 black mamba zombies (Geh:7)
  A deep troll skeleton (Zig:3)
  7 ettin skeletons
  16 spriggans
  150 flying skulls
  17 yaks
  32 shadows
  A tarantella (shapeshifter) (Zig:14)
  32 wraiths
  2 vampires (D:11)
  7 redbacks
  A tarantella (Zig:6)
  8 ice dragon skeletons
  A spriggan simulacrum (Zig:9)
  14 ushabtiu
  354 ynoxinuls
  4 basilisks
  7 water elementals
  3 yaks (shapeshifter)
  2 alligator skeletons
  4 wyverns
  A basilisk (shapeshifter) (Vaults:5)
  43 fire elementals
  2 hogs (Snake:4)
  9 fire bats
  26 golden eyes
  169 neqoxecs
  4 hungry ghosts
  2 steam dragons (Lair:6)
  285 chaos spawn
  17 vampire mosquitoes
  7 wargs
  A monstrous demonspawn zombie (Dis:7)
  27 insubstantial wisps
  A torturous demonspawn zombie (Dis:7)
  8 spatial vortices
  27 swamp worms
  68 hell hounds
  An acid dragon (Lair:6)
  47 nagas
  7 water moccasins
  A hydra simulacrum (Hell)
  5 soldier ants (Lair:4)
  8 porcupines
  5 spiny frog zombies
  2 merfolk skeletons
  A torturous demonspawn skeleton (Crypt:2)
  3 sky beasts
  4 floating eyes
  26 eyes of draining
  14 swamp drakes
  An alligator simulacrum (Coc:7)
  3 manticore zombies
  2 ettin simulacra
  7 ice beasts
  19 necrophages
  4 spiny frog skeletons
  A black bear (D:9)
  58 orc warriors
  A swamp dragon zombie (Crypt:3)
  An eye of draining (shapeshifter) (Depths:1)
  45 ogres
  4 snapping turtle zombies
  A hornet zombie (D:15)
  A black mamba simulacrum (Hell)
  7 phantoms
  12 boggarts
  A swamp dragon skeleton (Coc:7)
  21 centaurs
  A manticore skeleton (Geh:4)
  12 crocodiles
  6 snapping turtle skeletons
  5 big kobolds
  16 bullfrogs
  A salamander zombie (Crypt:1)
  5 elf zombies
  8 earth elementals
  A gnoll sergeant (Zig:20)
  3 wyvern zombies
  A spiny frog simulacrum (Hell)
  A wyvern skeleton (D:14)
  3 scorpions
  10 killer bees (D:10)
  66 wights
  2 electric eels
  8 howler monkeys
  2 bullfrog zombies
  12 quasits
  2 yaktaur simulacra
  23 crimson imps
  38 orc priests
  7 hounds
  2 jellies
  A soldier ant zombie (Crypt:1)
  A wyvern simulacrum (D:14)
  5 bullfrog skeletons
  47 iron imps
  34 orc wizards
  A demonspawn skeleton (Crypt:3)
  A gnoll shaman (D:7)
  8 iguanas
  17 worker ants
  Natasha (D:4)
  A lightning spire (Zig:13)
  7 hell rats (Hell)
  A felid zombie (Crypt:3)
  2 naga zombies
  A dwarf zombie (Crypt:2)
  A naga skeleton (Crypt:1)
  An ogre skeleton (Crypt:2)
  A hound zombie (D:9)
  2 hound skeletons
  85 mummies
  22 gnolls
  14 adders
  A steam dragon skeleton (Crypt:3)
  A swamp drake skeleton (Crypt:2)
  17 shadow imps
  17 white imps
  10 ufetubi
  An ooze (Sewer)
  A worm zombie (Crypt:1)
  A lava snake zombie (Crypt:1)
  5 worms
  4 ball lightnings (Pan)
  A barachi skeleton (Crypt:3)
  A dart slug (D:2)
  A leopard gecko (D:6)
  66 orcs
  14 bats
  3 giant cockroaches
  24 hobgoblins
  7 jackals
  7 quokkas
  5 ball pythons
  A frilled lizard (shapeshifter) (Vaults:5)
  9 frilled lizards
  31 goblins
  A hobgoblin zombie (Crypt:3)
  A jackal skeleton (Crypt:1)
  23 kobolds
  A kobold zombie (Tar:7)
  A leopard gecko zombie (Crypt:2)
  9 rats
  A river rat skeleton (Crypt:3)
  5 crawling corpses
  9 fire vortices
  10 fungi
  3 lurking horrors
  7 plants
  34 starspawn tentacles
11658 creatures vanquished.

Vanquished Creatures (others)
  2 pandemonium lords (Pan)
  2 Killer Klowns
  A lich (Tomb:2)
  Asterion (Elf:1)
  3 eldritch tentacles
  A revenant (Tomb:1)
  A fire giant (Zig:11)
  A blood saint (Pan)
  A bennu (Tomb:2)
  3 blizzard demons (Pan)
  A spriggan air mage (WizLab)
  A vault guard (Vaults:5)
  2 death scarabs (Tomb:3)
  3 deep elf knights
  A fire crab (Abyss:5)
  A titan skeleton (Tomb:2)
  A sixfirhy (Pan)
  3 skeletal warriors (Tomb:2)
  A torturous demonspawn (Pan)
  A deep elf mage (Elf:1)
  A wizard (D:4)
  2 necromancers
  An apocalypse crab (WizLab)
  A red devil (Pan)
  A wolf spider simulacrum (Abyss:3)
  A hydra skeleton (Tomb:2)
  A raiju (shapeshifter) (Vaults:5)
  16 flying skulls
  A black mamba zombie (Geh:5)
  A wraith (Geh:7)
  3 ynoxinuls (Pan)
  A fire bat (Pan)
  A golden eye (shapeshifter) (Abyss:2)
  A golden eye (Zig:23)
  2 fire elementals (Hell)
  7 chaos spawn (Pan)
  A neqoxec (Pan)
  A hell hound (Dis:7)
  A spatial vortex (Abyss:3)
  2 swamp drakes
  A necrophage (Geh:7)
  A boggart (Depths:4)
  A wight (Geh:4)
  3 small abominations
  11 ball lightnings (Pan)
  A block of ice (Pan)
  2 briar patches (Swamp:1)
  A bush (Elf:3)
  3 demonic plants (Pan)
  10 fungi
  8 lost souls (Zig:23)
  3 lurking horrors
  11 pillars of salt
  A plant (Lair:1)
  41 starspawn tentacles
  6 withered plants (D:15)
181 creatures vanquished.

Grand Total: 11839 creatures vanquished

Notes
Turn   | Place    | Note
-------+----------+-------------------------------------------
     0 | D:1      | Kairos the Formicid Fighter began the quest for the Orb.
     0 | D:1      | Reached XP level 1. HP: 18/18 MP: 1/1
   271 | D:1      | Reached XP level 2. HP: 24/24 MP: 2/2
   916 | D:1      | Gained mutation: You are partially covered in thin metallic scales. (AC +2) [potion of mutation]
   916 | D:1      | Gained mutation: You passively map a small area around you. [potion of mutation]
   916 | D:1      | Gained mutation: You have sharp fingernails. [potion of mutation]
   917 | D:1      | Lost mutation: You are partially covered in thin metallic scales. (AC +2) [potion of mutation]
   917 | D:1      | Lost mutation: You passively map a small area around you. [potion of mutation]
   917 | D:1      | Gained mutation: Your muscles are strong. (Str +2) [potion of mutation]
   917 | D:1      | Gained mutation: Your spells are a little harder to cast, but a little more powerful. [potion of mutation]
   963 | D:2      | Found a shattered altar of Ashenzari.
   963 | D:2      | Found a bloodstained altar of Trog.
   992 | D:2      | Reached XP level 3. HP: 23/29 MP: 0/3
  1192 | D:2      | Reached XP level 4. HP: 27/35 MP: 1/4
  1777 | D:3      | Found a sacrificial altar of Ru.
  1876 | D:3      | Found a glowing drain.
  1882 | D:3      | Reached skill level 1 in Dodging
  1896 | D:3      | Reached XP level 5. HP: 41/41 MP: 5/5
  1963 | Sewer    | Entered a sewer
  1984 | Sewer    | Noticed a big kobold
  1984 | Sewer    | Noticed a big kobold
  1984 | Sewer    | Noticed a big kobold
  1994 | Sewer    | Killed a big kobold
  1995 | Sewer    | Killed a big kobold
  1995 | Sewer    | Reached XP level 6. HP: 40/48 MP: 4/6
  2126 | Sewer    | Reached skill level 5 in Axes
  2126 | Sewer    | Reached skill level 5 in Shields
  2126 | Sewer    | Reached XP level 7. HP: 48/53 MP: 7/7
  4074 | D:4      | Reached XP level 8. HP: 42/61 MP: 5/8
  4266 | D:4      | Noticed Natasha
  4273 | D:4      | Killed Natasha
  4275 | D:4      | Found a bloodstained altar of Trog.
  4346 | D:4      | Found a deep blue altar of Sif Muna.
  4413 | D:4      | Noticed a wizard
  4420 | D:4      | Killed a wizard
  4645 | D:5      | Entered Level 5 of the Dungeon
  4718 | D:5      | Reached skill level 5 in Armour
  5661 | D:6      | Reached XP level 9. HP: 66/66 MP: 9/9
  6013 | D:6      | Reached skill level 5 in Fighting
  6017 | D:6      | Reached skill level 1 in Stealth
  6203 | D:7      | Found an iron altar of Okawaru.
  6228 | D:7      | Became a worshipper of Warmaster Okawaru
  6690 | D:7      | Found a staircase to the Ecumenical Temple.
  6785 | D:7      | Reached * piety under Okawaru
  6785 | D:7      | Reached XP level 10. HP: 64/76 MP: 7/10
  7646 | D:8      | Found a staircase to the Lair.
  8156 | D:8      | Found a glowing silver altar of Zin.
  8536 | Lair:1   | Entered Level 1 of the Lair of Beasts
  8545 | Lair:1   | Reached skill level 10 in Axes
  8644 | Lair:1   | Noticed a komodo dragon
  8651 | Lair:1   | Killed a komodo dragon
  8651 | Lair:1   | Reached ** piety under Okawaru
  8718 | Lair:1   | Noticed a rime drake
  8725 | Lair:1   | Killed a rime drake
  8787 | Lair:1   | Noticed a komodo dragon
  8799 | Lair:1   | Killed a komodo dragon
  9578 | Lair:1   | Reached XP level 11. HP: 63/84 MP: 9/11
 10211 | Lair:2   | Reached *** piety under Okawaru
 10306 | Lair:2   | Found a labyrinth entrance.
 10326 | Lab      | Entered a labyrinth
 10665 | Lab      | Noticed a minotaur
 10681 | Lab      | Killed a minotaur
 10719 | Lab      | Found the +9 scales of the Dragon King {rPois rF+ rC+ MR+}
 10719 | Lab      | Got a scorched bronze ring
 10725 | Lab      | Identified the ring "Allates" {+Fly rElec rC- MR+ Dex+7} (You found it in a labyrinth)
 10793 | Lab      | Found an exit through the horrors of the Abyss.
 11194 | Lair:2   | Noticed an eight-headed hydra
 11204 | Lair:2   | Killed a four-headed hydra
 11204 | Lair:2   | Reached **** piety under Okawaru
 11560 | Lair:2   | Reached ***** piety under Okawaru
 11567 | Lair:2   | Reached XP level 12. HP: 51/94 MP: 12/12
 11609 | Lair:2   | Found a staircase to the Swamp.
 11798 | Lair:2   | Learned a level 1 spell: Apportation
 11900 | Lair:3   | Got a steaming plate armour
 11911 | Lair:3   | Identified the cursed +1 plate armour of Liberalism {rElec rC+ Regen+ Dex+4} (You found it on level 3 of the Lair of Beasts)
 12061 | Lair:3   | Noticed a five-headed hydra
 12072 | Lair:3   | Killed a one-headed hydra
 12082 | Lair:3   | Found a dark tunnel.
 12095 | Volcano  | Entered a volcano
 12367 | Lair:3   | Noticed a seven-headed hydra
 12376 | Lair:3   | Killed a two-headed hydra
 12853 | Lair:3   | Reached ****** piety under Okawaru
 12853 | Lair:3   | Reached skill level 10 in Shields
 13133 | Lair:4   | Found a staircase to the Snake Pit.
 13381 | Lair:4   | Noticed an entropy weaver
 13382 | Lair:4   | Noticed a queen ant
 13382 | Lair:4   | Noticed an entropy weaver
 13407 | Lair:4   | Killed an entropy weaver
 13421 | Lair:4   | Killed an entropy weaver
 13421 | Lair:4   | Received a gift from Okawaru
 13421 | Lair:4   | Reached XP level 13. HP: 32/102 MP: 13/13
 13438 | Lair:4   | Reached skill level 1 in Invocations
 14162 | Lair:5   | Reached skill level 10 in Fighting
 14785 | Lair:6   | Entered Level 6 of the Lair of Beasts
 14799 | Lair:6   | Reached skill level 10 in Armour
 14856 | Lair:6   | Noticed a four-headed hydra
 14865 | Lair:6   | Killed a one-headed hydra
 15086 | Lair:6   | Noticed a fire dragon
 15092 | Lair:6   | Received a gift from Okawaru
 15101 | Lair:6   | Killed a fire dragon
 15104 | Lair:6   | Got a spiked chain mail {god gift}
 15115 | Lair:6   | Identified the +0 chain mail of the Big Bang {Int+3} (Okawaru gifted it to you on level 6 of the Lair of Beasts)
 15470 | Lair:6   | Reached skill level 15 in Axes
 15623 | Lair:6   | Found a staircase to the Slime Pits.
 15821 | Swamp:1  | Entered Level 1 of the Swamp
 15944 | Swamp:1  | Noticed a six-headed hydra
 15949 | Swamp:1  | Killed a three-headed hydra
 15950 | Swamp:1  | Noticed a five-headed hydra
 15960 | Swamp:1  | Reached XP level 14. HP: 87/111 MP: 14/14
 16268 | Swamp:1  | Noticed a thorn hunter
 16286 | Swamp:1  | You fall through a shaft!
 16513 | Swamp:2  | Noticed a thorn hunter
 16547 | Swamp:2  | Killed a thorn hunter
 16547 | Swamp:2  | Received a gift from Okawaru
 16847 | Swamp:1  | Killed a thorn hunter
 17711 | Swamp:3  | Received a gift from Okawaru
 17785 | Swamp:3  | Reached XP level 15. HP: 119/119 MP: 16/16
 18257 | Swamp:4  | Entered Level 4 of the Swamp
 18298 | Swamp:4  | Noticed Setanta's ghost (adept GnFi)
 18327 | Swamp:4  | Killed Setanta's ghost
 18572 | Swamp:3  | Received a gift from Okawaru
 18912 | Swamp:4  | Noticed a thorn hunter
 18952 | Swamp:4  | Killed a thorn hunter
 19003 | Swamp:4  | Received a gift from Okawaru
 19197 | Swamp:4  | Noticed the 27-headed Lernaean hydra
 19210 | Swamp:4  | Killed the 20-headed Lernaean hydra
 19525 | Swamp:4  | Got a decaying rune of Zot
 20123 | Snake:1  | Entered Level 1 of the Snake Pit
 20135 | Snake:1  | Received a gift from Okawaru
 20207 | Snake:1  | Reached XP level 16. HP: 106/128 MP: 18/18
 20289 | Snake:1  | Reached skill level 1 in Staves
 20333 | Snake:1  | Reached skill level 15 in Shields
 20483 | Snake:1  | Found a hide-covered altar of Uskayaw.
 20496 | Snake:1  | Found the +3 pair of gauntlets of War {Slay+5}
 20835 | Snake:2  | Received a gift from Okawaru
 20981 | Snake:2  | Noticed Flooderbenga's ghost (journeyman GnNe)
 21002 | Snake:2  | Killed Flooderbenga's ghost
 21092 | Snake:2  | Noticed Vashnia
 21157 | Snake:2  | Killed Vashnia
 21332 | Snake:2  | Noticed Nikola
 21349 | Snake:2  | Killed Nikola
 21349 | Snake:2  | Received a gift from Okawaru
 21352 | Snake:2  | Got a transparent cloak {god gift}
 21358 | Snake:2  | Identified the +0 cloak of Resourcefulness {-Cast Str+3 Int+5 SInv} (Okawaru gifted it to you on level 2 of the Snake Pit)
 21709 | Snake:3  | Found Qiucku's Distillery.
 21718 | Snake:3  | Bought a potion of heal wounds for 65 gold pieces
 21718 | Snake:3  | Bought 2 potions of might for 104 gold pieces
 21768 | Snake:3  | Reached XP level 17. HP: 137/137 MP: 19/19
 22387 | Snake:4  | Entered Level 4 of the Snake Pit
 22406 | Snake:4  | Received a gift from Okawaru
 22906 | Snake:4  | Received a gift from Okawaru
 23355 | Snake:4  | Noticed Kirke
 23377 | Snake:4  | Killed Kirke
 23533 | Snake:4  | Reached XP level 18. HP: 146/146 MP: 12/20
 23582 | Snake:4  | Got a serpentine rune of Zot
 23933 | D:9      | Got an ichor-stained trident
 23934 | D:9      | Identified the cursed +0 trident "Zeyf Hogg" {flame, rElec} (You found it on level 9 of the Dungeon)
 23989 | D:9      | Noticed Psyche
 23994 | D:9      | Killed Psyche
 24023 | D:9      | Found a shimmering altar of Xom.
 24484 | D:9      | Found a glowing golden altar of the Shining One.
 24594 | D:10     | Entered Level 10 of the Dungeon
 24605 | D:10     | Noticed Nergalle
 24614 | D:10     | Killed Nergalle
 24808 | D:10     | Identified the +5 scale mail "Damiecwul" {-Cast rN+ SInv} (You found it on level 10 of the Dungeon)
 24913 | D:10     | Found Ufyemics's Armour Shop.
 25611 | D:11     | Found a staircase to the Orcish Mines.
 25830 | D:11     | Noticed Sonja
 25837 | D:11     | Killed Sonja
 26010 | D:11     | Identified a scroll of acquirement
 26018 | Orc:1    | Entered Level 1 of the Orcish Mines
 26270 | Orc:2    | Entered Level 2 of the Orcish Mines
 26295 | Orc:2    | Found a bloodstained altar of Trog.
 26351 | Orc:2    | Received a gift from Okawaru
 26424 | Orc:2    | Found Zipimne's Assorted Antiques.
 26501 | Orc:2    | Bought a scroll of enchant weapon for 202 gold pieces
 26523 | Orc:2    | Found a staircase to the Elven Halls.
 26853 | Orc:2    | Reached skill level 5 in Invocations
 26866 | Orc:2    | Found Jahomn's Food Shop.
 26866 | Orc:2    | Found Zoiwn's Antique Armour Shop.
 26867 | Orc:2    | Found Deewiclak's Jewellery Boutique.
 26870 | Orc:2    | Found Kohalaoj's Jewellery Boutique.
 27092 | Orc:2    | Bought the amulet "Esamo" {rElec rF- Regen+ Str+4 Int+10} for 796 gold pieces
 27241 | D:12     | Found a glowing silver altar of Zin.
 27242 | D:12     | Found a runed door.
 27308 | D:12     | Found Gohoa's General Store.
 27884 | D:13     | Reached skill level 1 in Spellcasting
 27935 | D:13     | Noticed Redear's ghost (journeyman OpWr)
 27950 | D:13     | Killed Redear's ghost
 28383 | D:14     | Found a gate to the Vaults.
 28389 | D:14     | Received a gift from Okawaru
 28771 | D:14     | Reached XP level 19. HP: 153/153 MP: 23/23
 28944 | D:14     | Identified the Grimoire of Poisonous Creation
 29810 | Vaults:1 | Entered Level 1 of the Vaults
 30578 | Vaults:1 | Reached skill level 15 in Fighting
 31105 | Vaults:2 | Received a gift from Okawaru
 31197 | Vaults:2 | Reached skill level 5 in Dodging
 31273 | Vaults:2 | Identified the +2 arbalest of Demand {venom, rPois rF+ rC- Str+2} (You found it on level 2 of the Vaults)
 31320 | Vaults:2 | Received a gift from Okawaru
 31399 | Vaults:2 | Identified the cursed +1 scale mail "Luqibben" {Slay+2} (You found it on level 2 of the Vaults)
 31504 | Vaults:2 | Reached XP level 20. HP: 152/163 MP: 26/26
 31896 | Vaults:2 | Found a staircase to the Crypt.
 32040 | Vaults:3 | Reached skill level 5 in Spellcasting
 32121 | Vaults:3 | Received a gift from Okawaru
 32139 | Vaults:3 | Got a fine chain mail {god gift}
 32150 | Vaults:3 | Identified the +3 chain mail of Brilliance {rC+} (Okawaru gifted it to you on level 3 of the Vaults)
 32678 | Vaults:3 | Received a gift from Okawaru
 33423 | Vaults:4 | Found Ogakuf's General Store.
 33483 | Vaults:4 | Reached XP level 21. HP: 172/172 MP: 30/30
 33855 | Vaults:4 | Found a portal to a secret trove of treasure.
 35169 | Lair:2   | Got a scorched plate armour
 35180 | Lair:2   | Identified the +6 plate armour of Wobaodot {SInv} (You acquired it on level 2 of the Lair of Beasts)
 35237 | Lair:2   | Got a distressingly furry shield
 35248 | Lair:2   | Identified the +1 shield "Tuvveodot" {-Tele MP+9 Dex+9 Stlth+} (You acquired it on level 2 of the Lair of Beasts)
 35266 | Lair:2   | Got a pair of bloodstained boots
 35272 | Lair:2   | Identified the +0 pair of boots "Eruist" {rC+ Stlth+} (You acquired it on level 2 of the Lair of Beasts)
 35496 | Elf:1    | Entered Level 1 of the Elven Halls
 35497 | Elf:1    | Noticed Asterion
 35502 | Elf:1    | Received a gift from Okawaru
 35511 | Elf:1    | Killed Asterion
 35804 | Elf:1    | Reached skill level 10 in Invocations
 36077 | Elf:1    | Found a gateway to a bazaar.
 36413 | Bazaar   | Entered a bazaar
 36413 | Bazaar   | Found Baun's Antique Weapon Shop.
 36413 | Bazaar   | Found Rauphu Hyde's Antique Weapon Emporium.
 36413 | Bazaar   | Found Ceskekeriva's Weapon Shop.
 36413 | Bazaar   | Found Aliyck's Gadget Shoppe.
 36415 | Bazaar   | Found Ajul's Magic Scroll Boutique.
 36495 | Bazaar   | Bought a scroll of fog for 34 gold pieces
 36495 | Bazaar   | Bought a scroll of remove curse for 51 gold pieces
 36495 | Bazaar   | Bought a scroll of summoning for 161 gold pieces
 36495 | Bazaar   | Bought a scroll of enchant armour for 127 gold pieces
 36495 | Bazaar   | Bought a scroll of identify for 34 gold pieces
 36545 | Elf:2    | Found Tesenis's General Store.
 36561 | Elf:2    | Bought a scroll of fog for 40 gold pieces
 36607 | Elf:2    | Received a gift from Okawaru
 36629 | Elf:2    | Noticed Louise
 36678 | Elf:2    | Killed Louise
 36778 | Elf:2    | Found a runed gate.
 36780 | Elf:2    | Found a runed gate.
 36783 | Elf:2    | Found a runed gate.
 36895 | Elf:2    | Reached XP level 22. HP: 182/182 MP: 33/33
 36960 | Elf:2    | Noticed Roxanne
 36976 | Elf:2    | Killed Roxanne
 36976 | Elf:2    | Received a gift from Okawaru
 36978 | Elf:2    | Identified Roxanne's Handbook of Transmigration (You took it off Roxanne on level 2 of the Elven Halls)
 37831 | Elf:3    | Entered Level 3 of the Elven Halls
 38297 | Elf:3    | Received a gift from Okawaru
 38608 | Elf:3    | Got a fine hunting sling
 38819 | Elf:3    | Noticed Setanta's ghost (adept GnFi)
 38848 | Elf:3    | Killed Setanta's ghost
 38876 | Elf:3    | Received a gift from Okawaru
 38881 | Elf:3    | Reached XP level 23. HP: 190/190 MP: 34/34
 38888 | Elf:3    | Got a distressingly furry chain mail {god gift}
 38899 | Elf:3    | Identified the +4 chain mail of the Spheres {rPois Int+6 SInv} (Okawaru gifted it to you on level 3 of the Elven Halls)
 38948 | Elf:3    | Found Nyskuble's Armour Shoppe.
 39156 | Orc:2    | Bought an uncursed ring of poison resistance for 240 gold pieces
 39156 | Orc:2    | Bought a +2 ring of protection for 120 gold pieces
 39164 | Orc:2    | Bought an uncursed ring of flight for 210 gold pieces
 39446 | Lair:2   | Learned a level 2 spell: Poisonous Vapours
 39450 | Lair:2   | Learned a level 3 spell: Regeneration
 39455 | Lair:2   | Learned a level 4 spell: Cause Fear
 39805 | Vaults:5 | Entered Level 5 of the Vaults
 39813 | Vaults:5 | Reached skill level 15 in Armour
 39820 | Vaults:5 | Reached skill level 1 in Charms
 39820 | Vaults:5 | Reached skill level 1 in Necromancy
 39842 | Vaults:5 | Gained mutation: You are frail. (-10% HP) [a neqoxec]
 39861 | Vaults:4 | Received a gift from Okawaru
 40013 | Vaults:5 | Received a gift from Okawaru
 40030 | Vaults:5 | Reached XP level 24. HP: 129/179 MP: 34/34
 40263 | Vaults:5 | Identified the Almanac of the Mutagenic Voyage
 40266 | Vaults:5 | Got a silver rune of Zot
 40433 | Vaults:5 | Identified the Handbook of the Glacier
 40490 | Vaults:5 | Reached skill level 10 in Dodging
 40563 | Vaults:5 | Found Reik's Food Boutique.
 40616 | Vaults:5 | Noticed an ancient lich
 40624 | Vaults:5 | Killed an ancient lich
 40624 | Vaults:5 | Received a gift from Okawaru
 40624 | Vaults:5 | Reached skill level 5 in Charms
 40851 | Vaults:5 | Reached skill level 5 in Necromancy
 41791 | D:15     | Entered Level 15 of the Dungeon
 41923 | D:15     | Found a staircase to the Depths.
 41990 | D:15     | Received a gift from Okawaru
 42065 | D:15     | Received a gift from Okawaru
 42072 | D:15     | Got a translucent hand axe {god gift}
 42416 | Depths:1 | Entered Level 1 of the Depths
 42451 | Depths:1 | Received a gift from Okawaru
 42458 | Depths:1 | Reached XP level 25. HP: 185/185 MP: 34/34
 42499 | Depths:1 | Noticed Sojobo
 42554 | Depths:1 | Reached skill level 1 in Translocations
 42604 | Depths:1 | Killed Sojobo
 42780 | Depths:1 | Found a one-way gate leading to the halls of Pandemonium.
 42835 | Depths:1 | Received a gift from Okawaru
 42847 | Depths:1 | Found a gateway to Hell.
 42993 | Depths:1 | Found a one-way gate to the infinite horrors of the Abyss.
 43382 | Depths:1 | Identified the +7 hand axe of the Ecumenical Temple {protect, Int+3 Dex+3} (Okawaru gifted it to you on level 15 of the Dungeon)
 43510 | Depths:2 | Got a pitted bone amulet
 43524 | Depths:2 | Got a steaming quarterstaff
 43525 | Depths:2 | Identified the amulet "Vunisoi" {Gourm rPois rN+ Str-4 Int+6} (You found it on level 2 of the Depths)
 43577 | Depths:2 | Noticed Mara
 43585 | Depths:2 | Noticed Kairos's illusion
 43624 | Depths:2 | Noticed Kairos's illusion
 43632 | Depths:2 | Killed Mara
 43690 | Depths:2 | Noticed Bai Suzhen
 43713 | Depths:2 | Killed Bai Suzhen
 43726 | Depths:2 | Identified the +9 quarterstaff "Tesug" {chaos, *Slow Str+2 Dex+5} (You found it on level 2 of the Depths)
 43779 | Depths:2 | Received a gift from Okawaru
 43790 | Depths:2 | Got a pair of warped gloves {god gift}
 43902 | Depths:2 | Reached XP level 26. HP: 186/193 MP: 34/34
 44503 | Depths:3 | Found Akabucuh's General Store.
 44503 | Depths:3 | Noticed Verendum's ghost (veteran GrFi)
 44519 | Depths:3 | Killed Verendum's ghost
 44523 | Depths:3 | Noticed the Enchantress
 44534 | Depths:3 | Killed the Enchantress
 44561 | Depths:3 | Received a gift from Okawaru
 44759 | Depths:3 | Noticed Boris
 44769 | Depths:3 | Killed Boris
 44840 | Depths:3 | Noticed a juggernaut
 44861 | Depths:3 | Killed a juggernaut
 44897 | Depths:3 | Reached skill level 5 in Translocations
 44933 | Depths:3 | Learned a level 4 spell: Passage of Golubria
 44943 | Depths:3 | Identified the +2 pair of gloves of Grottiness {*Corrode rN+ Str+6 Dex+2} (Okawaru gifted it to you on level 2 of the Depths)
 45059 | Depths:3 | Received a gift from Okawaru
 45067 | Depths:3 | Identified the +0 ice dragon scales "Ylemyps" {rElec rF- rC++ rN+ MR++ Int-3} (Okawaru gifted it to you on level 3 of the Depths)
 45649 | Depths:4 | Reached XP level 27. HP: 183/199 MP: 34/34
 45794 | Depths:4 | Found Heyziuts's Assorted Antiques.
 45797 | Depths:4 | Bought an embroidered scarf for 344 gold pieces
 45797 | Depths:4 | Bought a notched agate ring for 215 gold pieces
 46068 | Depths:4 | Found a runed door.
 46080 | Depths:4 | Noticed an ancient lich
 46150 | Depths:4 | Found a runed door.
 46155 | Depths:4 | Found the +2 ratskin cloak {+Rats rPois rN+ Str-1 Int-1 Dex+1}
 46169 | Depths:4 | Received a gift from Okawaru
 46180 | Depths:4 | Got a steaming large shield {god gift}
 46191 | Depths:4 | Identified the -3 large shield of Ygizocy {rN+ Dex+4} (Okawaru gifted it to you on level 4 of the Depths)
 46296 | Depths:4 | Noticed Jorgrun
 46314 | Depths:4 | Killed Jorgrun
 46380 | Depths:4 | Killed an ancient lich
 46380 | Depths:4 | Reached skill level 1 in Maces & Flails
 46717 | Depths:4 | Found a gateway to a ziggurat.
 46812 | Depths:5 | Entered Level 5 of the Depths
 46822 | Depths:5 | Reached skill level 15 in Invocations
 46951 | Depths:5 | Received a gift from Okawaru
 47137 | Depths:5 | Found Willuar's Jewellery Boutique.
 47138 | Depths:5 | Found Deuxtorulu's Gadget Shoppe.
 47139 | Depths:5 | Found Geimeyn's Jewellery Boutique.
 47147 | Depths:5 | Bought a cursed ring of loudness for 99 gold pieces
 47147 | Depths:5 | Bought a +2 ring of intelligence for 165 gold pieces
 47440 | Depths:5 | Found a gate to the Realm of Zot.
 48032 | Lair:2   | Lost mutation: Your muscles are strong. (Str +2) [potion of mutation]
 48032 | Lair:2   | Lost mutation: Your spells are a little harder to cast, but a little more powerful. [potion of mutation]
 48032 | Lair:2   | Lost mutation: You are frail. (-10% HP) [potion of mutation]
 48032 | Lair:2   | Gained mutation: You are somewhat resistant to further mutation. [potion of mutation]
 48032 | Lair:2   | Gained mutation: You are frail. (-10% HP) [potion of mutation]
 48032 | Lair:2   | Gained mutation: You passively map a small area around you. [potion of mutation]
 48186 | D:9      | Fell from the grace of Okawaru
 48186 | D:9      | Became a worshipper of the Shining One
 48376 | Crypt:1  | Entered Level 1 of the Crypt
 48405 | Crypt:1  | Reached * piety under the Shining One
 48523 | Crypt:1  | Reached ** piety under the Shining One
 48536 | Crypt:1  | Reached skill level 1 in Evocations
 48610 | Crypt:1  | Reached *** piety under the Shining One
 48726 | Crypt:1  | Reached skill level 10 in Charms
 48757 | Crypt:1  | Reached **** piety under the Shining One
 49026 | Crypt:1  | Found a basalt altar of Yredelemnul.
 49183 | Crypt:2  | Reached ***** piety under the Shining One
 49432 | Crypt:2  | Found a huge runed gate.
 49432 | Crypt:2  | Found a huge runed gate.
 49432 | Crypt:2  | Found a huge runed gate.
 49432 | Crypt:2  | Found a huge runed gate.
 49433 | Crypt:2  | Found a huge runed gate.
 49437 | Crypt:2  | Found a huge runed gate.
 49437 | Crypt:2  | Found a huge runed gate.
 49441 | Crypt:2  | Found a huge runed gate.
 49443 | Crypt:2  | Found a huge runed gate.
 49445 | Crypt:2  | Found a huge runed gate.
 49449 | Crypt:2  | Reached ****** piety under the Shining One
 49963 | Crypt:2  | Found a huge runed gate.
 49963 | Crypt:2  | Found a huge runed gate.
 49963 | Crypt:2  | Found a huge runed gate.
 49963 | Crypt:2  | Found a huge runed gate.
 49963 | Crypt:2  | Found a huge runed gate.
 50051 | Crypt:3  | Entered Level 3 of the Crypt
 50142 | Crypt:3  | Found a magical portal.
 50177 | WizLab   | Entered The Chambers of the Cloud Mage
 50718 | WizLab   | Got a translucent steel ring
 50723 | WizLab   | Identified the Grimoire of Lightness
 50734 | WizLab   | Identified the ring "Pex Looquo" {rN+ EV+3} (You found it in a wizard's laboratory)
 51235 | Crypt:3  | Found a staircase to the Tomb.
 51544 | Crypt:3  | Found a basalt altar of Yredelemnul.
 51575 | Crypt:3  | Noticed Jory
 51593 | Crypt:3  | Killed Jory
 51619 | Crypt:3  | Reached skill level 1 in Air Magic
 52409 | D:8      | Identified a +4 executioner's axe of holy wrath (a +2 executioner's axe of flaming blessed by the Shining One)
 52409 | D:8      | Received a gift from the Shining One
 52413 | D:8      | Learned a level 2 spell: Swiftness
 52604 | D:8      | Fell from the grace of the Shining One
 52604 | D:8      | Became a worshipper of Zin the Law-Giver
 52604 | D:8      | Reached * piety under Zin
 52604 | D:8      | Reached ** piety under Zin
 52604 | D:8      | Reached *** piety under Zin
 52604 | D:8      | Reached **** piety under Zin
 52604 | D:8      | Reached ***** piety under Zin
 52726 | Lair:2   | Learned a level 6 spell: Darkness
 53016 | Hell     | Entered the Vestibule of Hell
 53016 | Hell     | Noticed Geryon
 53038 | Hell     | Killed Geryon
 53086 | Hell     | Reached skill level 1 in Hexes
 53198 | Hell     | Found a gateway to the ashen valley of Gehenna.
 53431 | Hell     | Found a gateway to the decaying netherworld of Tartarus.
 53771 | Hell     | Found a gateway to the freezing wastes of Cocytus.
 54032 | Hell     | Found a gateway to the Iron City of Dis.
 54340 | Coc:1    | Entered Level 1 of Cocytus
 54709 | Coc:3    | Noticed a shard shrike
 54709 | Coc:3    | Noticed a shard shrike
 54720 | Coc:3    | Killed a shard shrike
 54731 | Coc:3    | Killed a shard shrike
 54864 | Coc:4    | Was forgiven by Okawaru
 55003 | Coc:4    | You fall through a shaft!
 55046 | Coc:6    | Noticed a shard shrike
 55056 | Coc:6    | Killed a shard shrike
 55095 | Coc:6    | Reached ****** piety under Zin
 55155 | Coc:7    | Entered Level 7 of Cocytus
 55427 | Coc:7    | Reached skill level 5 in Hexes
 55502 | Coc:7    | Noticed a shard shrike
 55502 | Coc:7    | Noticed a shard shrike
 55507 | Coc:7    | Killed a shard shrike
 55518 | Coc:7    | Killed a shard shrike
 55535 | Coc:7    | Noticed the Serpent of Hell
 55553 | Coc:7    | Killed the Serpent of Hell
 55627 | Coc:7    | Lost mutation: You are frail. (-10% HP) [potion of mutation]
 56092 | Coc:7    | Noticed Antaeus
 56131 | Coc:7    | Killed Antaeus
 56131 | Coc:7    | Reached skill level 10 in Translocations
 56592 | Coc:7    | Identified the Almanac of Supportive Stones
 56632 | Coc:7    | Found the +3 salamander hide armour {+Rage rF++}
 56641 | Coc:7    | Got an icy rune of Zot
 56669 | Coc:7    | Noticed a shard shrike
 56674 | Coc:7    | Killed a shard shrike
 56757 | Coc:7    | Noticed a shard shrike
 56757 | Coc:7    | Noticed a shard shrike
 56757 | Coc:7    | Noticed a shard shrike
 56763 | Coc:7    | Killed a shard shrike
 56769 | Coc:7    | Killed a shard shrike
 56769 | Coc:7    | Killed a shard shrike
 56873 | Hell     | Learned a level 5 spell: Aura of Abjuration
 57061 | Orc:2    | Bought the amulet of Awe {Gourm rElec rF+ Str+4} for 712 gold pieces
 57061 | Orc:2    | Bought an uncursed amulet of harm for 360 gold pieces
 57076 | Orc:2    | Bought an uncursed ring of fire for 300 gold pieces
 57609 | Geh:1    | Entered Level 1 of Gehenna
 57619 | Geh:1    | Reached skill level 5 in Air Magic
 58325 | Geh:4    | Reached skill level 10 in Spellcasting
 59958 | Geh:6    | Found a corrupted altar of Lugonu.
 60000 | Geh:7    | Entered Level 7 of Gehenna
 61267 | Geh:7    | Identified the Collected Works on the Spatial Escort
 61426 | Geh:7    | Noticed Asmodeus
 61449 | Geh:7    | Killed Asmodeus
 61793 | Geh:7    | Identified the +8 glaive "Demonbane" {pain, rC+ MR+ Int+7} (You found it on level 7 of Gehenna)
 61822 | Geh:7    | Got a pitted platinum ring
 61824 | Geh:7    | Identified the cursed ring of Kuthroasy {+Inv rF- rN+ MR+ Dex-2} (You found it on level 7 of Gehenna)
 61837 | Geh:7    | Identified the Volume of the Harmful Voyage
 61854 | Geh:7    | Got a faintly glowing hunting sling
 61860 | Geh:7    | Got an obsidian rune of Zot
 62124 | Geh:7    | Reached skill level 15 in Dodging
 62491 | Tar:1    | Entered Level 1 of Tartarus
 63206 | Tar:6    | Reached skill level 10 in Hexes
 63544 | Tar:7    | Entered Level 7 of Tartarus
 63942 | Tar:7    | Noticed Ereshkigal
 63992 | Tar:7    | Killed Ereshkigal
 64490 | Tar:7    | Got a bone rune of Zot
 65858 | Tar:7    | Identified the cursed +3 hunting sling "Hydrabane" {freeze, -Tele rPois Str+5 Dex+4} (You found it on level 7 of Gehenna)
 65859 | Tar:7    | Identified the cursed +1 hand axe of Difefet {elec, rF+ rN+ Str-3 Int+4} (You found it on level 7 of Tartarus)
 67133 | Tar:7    | Identified the Grimoire of Boosts and Flight
 67139 | Tar:7    | Got a smoking iron ring
 67141 | Tar:7    | Identified the ring of Olaothre {+Fly rPois Str+4 Stlth+} (You found it on level 7 of Tartarus)
 67473 | Tar:7    | Gained mutation: You are partially covered in thin metallic scales. (AC +2) [mutagenic glow]
 67595 | Tar:7    | Identified the +9 glaive of Light {freeze, rPois rC+ Int+2 Dex-3} (You found it on level 7 of Tartarus)
 68505 | Tar:7    | Got a wavering bronze ring
 68507 | Tar:7    | Identified the ring "Meckis" {Fire Dex+6} (You found it on level 7 of Tartarus)
 68585 | Tar:7    | Identified the +7 chain mail of Free Expression {Str+6} (You found it on level 7 of Tartarus)
 68589 | Tar:7    | Identified the cursed +1 chain mail of the Old World {Dex+6} (You found it on level 7 of Tartarus)
 68642 | Tar:7    | Got a heavily runed cloak
 68655 | Tar:7    | Identified the +2 cloak of Minor Irritation {rPois Regen+ Str+5 Dex-4} (You found it on level 7 of Tartarus)
 68691 | Tar:7    | Got an ichor-stained lajatang
 69614 | Dis:1    | Entered Level 1 of the Iron City of Dis
 72653 | Dis:7    | Entered Level 7 of the Iron City of Dis
 74363 | Dis:7    | Reached skill level 27 in Fighting
 75826 | Dis:7    | Reached skill level 10 in Air Magic
 76392 | Dis:7    | Identified the Collected Works on Intoxication and Heat
 77471 | Dis:7    | Noticed Dispater
 77488 | Dis:7    | Killed Dispater
 77541 | Dis:7    | Got an iron rune of Zot
 77569 | Dis:7    | Learned a level 9 spell: Shatter
 77579 | Dis:7    | Learned a level 9 spell: Tornado
 77944 | Orc:2    | Bought a ration for 60 gold pieces
 77944 | Orc:2    | Bought a ration for 60 gold pieces
 77944 | Orc:2    | Bought a ration for 60 gold pieces
 77944 | Orc:2    | Bought a ration for 60 gold pieces
 77944 | Orc:2    | Bought a ration for 60 gold pieces
 77944 | Orc:2    | Bought a ration for 60 gold pieces
 77944 | Orc:2    | Bought a ration for 60 gold pieces
 77944 | Orc:2    | Bought a ration for 60 gold pieces
 77944 | Orc:2    | Bought a ration for 60 gold pieces
 77944 | Orc:2    | Bought a ration for 60 gold pieces
 78186 | Pan      | Entered Pandemonium
 78199 | Pan      | Reached skill level 1 in Earth Magic
 78461 | Pan      | Noticed Debul the pandemonium lord
 78495 | Pan      | Killed Debul the pandemonium lord
 79491 | Pan      | Got a vibrating lead ring
 79493 | Pan      | Identified the ring of Mutualism {rCorr rPois MR++} (You acquired it in Pandemonium)
 79835 | Pan      | Noticed Wereated the pandemonium lord
 79850 | Pan      | Killed Wereated the pandemonium lord
 80618 | Pan      | Noticed Mennas
 80634 | Pan      | Killed Mennas
 81408 | Pan      | Reached skill level 5 in Earth Magic
 81578 | Pan      | Noticed Leschoant the pandemonium lord
 81587 | Pan      | Killed Leschoant the pandemonium lord
 81686 | Pan      | Identified the Compendium of Congealing Toxins
 81802 | Pan      | Noticed Xeopturr the pandemonium lord
 81810 | Pan      | Killed Xeopturr the pandemonium lord
 81850 | Pan      | Got a demonic rune of Zot
 82214 | Pan      | Entered the realm of Lom Lobon.
 83355 | Pan      | Noticed Lom Lobon
 83865 | Pan      | Killed Lom Lobon
 83897 | Pan      | Got a magical rune of Zot
 84334 | Pan      | Identified the +4 ring mail of the Republic {Regen+ Int-4 Dex+3} (You found it in Pandemonium)
 84420 | Pan      | Entered the realm of Cerebov.
 85602 | Pan      | Got a pair of heavily runed boots
 85613 | Pan      | Identified the +1 pair of boots of Ifoig {rC- rN+ Regen+ Str+4} (You found it in Pandemonium)
 85617 | Pan      | Identified the +10 scale mail "Lanuimuakk" {MR+ Int+4} (You found it in Pandemonium)
 85755 | Pan      | Got an ancient broad axe
 85756 | Pan      | Identified the +9 broad axe of Vozxagyg {elec, rF+} (You found it in Pandemonium)
 85760 | Pan      | Identified the Volume of Intoxication and the Escort
 85769 | Pan      | Got twisted fire dragon scales
 85780 | Pan      | Identified the +1 fire dragon scales of Fedhas's Hatred {rF++ rC- rN+ Dex+5 Slay+2} (You found it in Pandemonium)
 86043 | Pan      | Reached skill level 15 in Hexes
 86077 | Pan      | Noticed Cerebov
 86099 | Pan      | Killed Cerebov
 86099 | Pan      | Reached skill level 15 in Spellcasting
 86141 | Pan      | Got a fiery rune of Zot
 86368 | Pan      | Got a scintillating brass amulet
 86369 | Pan      | Identified the amulet "Woguniytz" {Inacc Dex+4} (You found it in Pandemonium)
 87128 | Pan      | Noticed Okoqoj the pandemonium lord
 87136 | Pan      | Killed Okoqoj the pandemonium lord
 87700 | Pan      | Found a glowing silver altar of Zin.
 87713 | Pan      | Reached skill level 5 in Stealth
 88959 | Pan      | Reached skill level 5 in Staves
 88959 | Pan      | Reached skill level 5 in Evocations
 89427 | Pan      | Found a white marble altar of Elyvilon.
 89628 | Pan      | Got a sparkling copper ring
 89630 | Pan      | Identified the ring "Verytry" {Wiz Str+8} (You found it in Pandemonium)
 89733 | Pan      | Reached skill level 27 in Armour
 89933 | Pan      | Noticed a seraph
 90069 | Pan      | Killed a seraph
 90069 | Pan      | Reached skill level 10 in Earth Magic
 90082 | Pan      | Found a glowing golden altar of the Shining One.
 90185 | Pan      | Got a faintly humming buckler
 90196 | Pan      | Identified the +2 buckler "Luezxuik" {rF- rN+ Dex+2} (You took it off a cherub in Pandemonium)
 90438 | Pan      | Got a pitted large shield
 90449 | Pan      | Identified the +7 large shield of the Okapi {rPois Str-5 Dex+10} (You took it off a daeva in Pandemonium)
 91088 | Depths:1 | Escaped Pandemonium
 91361 | Vaults:4 | You paid a toll of a +7 demon whip to enter a treasure trove
 91362 | Trove    | Entered a treasure trove
 91873 | Vaults:4 | Bought a ration for 75 gold pieces
 91873 | Vaults:4 | Bought a ration for 75 gold pieces
 91873 | Vaults:4 | Bought a scroll of identify for 30 gold pieces
 91873 | Vaults:4 | Bought a scroll of fear for 52 gold pieces
 91873 | Vaults:4 | Bought a ration for 75 gold pieces
 91873 | Vaults:4 | Bought a scroll of enchant weapon for 112 gold pieces
 92170 | Pan      | Entered Pandemonium
 92347 | Pan      | Found an exit through the horrors of the Abyss.
 92794 | Pan      | Noticed Secen the pandemonium lord
 92814 | Pan      | Killed Secen the pandemonium lord
 93722 | Pan      | Found an exit through the horrors of the Abyss.
 93991 | Pan      | Noticed Xiklysaf the pandemonium lord
 94010 | Pan      | Killed Xiklysaf the pandemonium lord
 94717 | Pan      | Noticed Ypiruar the pandemonium lord
 94731 | Pan      | Killed Ypiruar the pandemonium lord
 95566 | Pan      | Found an exit through the horrors of the Abyss.
 96201 | Pan      | Found an exit through the horrors of the Abyss.
 96463 | Pan      | Noticed Viapri the pandemonium lord
 96482 | Pan      | Killed Viapri the pandemonium lord
 96524 | Pan      | Reached skill level 10 in Evocations
 96993 | Pan      | Noticed Diukoa the pandemonium lord
 96999 | Pan      | Killed Diukoa the pandemonium lord
 97238 | Pan      | Found an exit through the horrors of the Abyss.
 97660 | Pan      | Entered the realm of Mnoleg.
 97877 | Pan      | Noticed Mnoleg
 98647 | Pan      | Killed Mnoleg
 98647 | Pan      | Reached skill level 10 in Staves
 98880 | Pan      | Got a glowing rune of Zot
 99198 | Pan      | Noticed Finleiv the pandemonium lord
 99204 | Pan      | Cast into level 3 of the Abyss (demon trident of distortion)
 99214 | Abyss:3  | Noticed an ancient lich
 99216 | Abyss:3  | Found a transporter.
 99241 | Abyss:3  | Killed an ancient lich
 99253 | Abyss:3  | Found a transporter.
 99363 | Abyss:3  | Found a transporter.
 99384 | Abyss:3  | Found a transporter.
 99386 | Abyss:3  | Got an abyssal rune of Zot
 99408 | Abyss:3  | Found a transporter.
 99458 | Abyss:3  | Found a transporter.
 99653 | Pan      | Escaped the Abyss
 99958 | Pan      | Found an exit through the horrors of the Abyss.
100376 | Pan      | Killed Finleiv the pandemonium lord
101013 | Pan      | Entered the realm of Gloorx Vloq.
101025 | Pan      | Noticed Gloorx Vloq
101252 | Pan      | Found an exit through the horrors of the Abyss.
101734 | Pan      | Killed Gloorx Vloq
101766 | Pan      | Got a dark rune of Zot
103606 | Pan      | Noticed Eshut the pandemonium lord
103616 | Pan      | Killed Eshut the pandemonium lord
104234 | Pan      | Reached skill level 15 in Earth Magic
104325 | Pan      | Noticed Kupnimpu the pandemonium lord
104340 | Pan      | Killed Kupnimpu the pandemonium lord
104492 | Pan      | Found an exit through the horrors of the Abyss.
106040 | Pan      | Found an exit through the horrors of the Abyss.
106293 | Pan      | Noticed Foleh the pandemonium lord
106305 | Pan      | Killed Foleh the pandemonium lord
106499 | Depths:1 | Escaped Pandemonium
106769 | Tomb:1   | Entered Level 1 of the Tomb of the Ancients
107089 | Tomb:1   | Noticed a greater mummy
107094 | Tomb:1   | Reached skill level 27 in Invocations
107302 | Tomb:1   | Killed a greater mummy
107950 | Hell     | Learned a level 5 spell: Metabolic Englaciation
107956 | Hell     | Learned a level 5 spell: Silence
108358 | Slime:1  | Entered Level 1 of the Pits of Slime
108424 | Slime:1  | Reached skill level 1 in Ice Magic
110381 | Slime:5  | Entered Level 5 of the Pits of Slime
110711 | Slime:5  | Noticed the Royal Jelly
110731 | Slime:5  | Killed the Royal Jelly
110932 | Slime:5  | Found the cursed necklace of Bloodlust {*Rage +Rage MR++ Int-3 Slay+6 *Curse}
110932 | Slime:5  | Found the macabre finger necklace {rN+}
110938 | Slime:5  | Reached skill level 10 in Stealth
110938 | Slime:5  | Reached skill level 15 in Air Magic
111065 | Slime:5  | Got a slimy rune of Zot
112458 | Elf:2    | Bought a scroll of enchant armour for 150 gold pieces
112458 | Elf:2    | Bought a potion of agility for 80 gold pieces
113281 | Tomb:2   | Noticed an ancient lich
113284 | Tomb:2   | Noticed a greater mummy
113286 | Tomb:2   | Noticed a greater mummy
113289 | Tomb:2   | Noticed a greater mummy
113298 | Tomb:2   | Killed a greater mummy
113301 | Tomb:2   | Killed a greater mummy
113301 | Tomb:2   | Reached skill level 1 in Summonings
113306 | Tomb:2   | Noticed Frederick
113318 | Tomb:2   | Killed an ancient lich
113324 | Tomb:2   | Killed Frederick
113326 | Tomb:2   | Killed a greater mummy
113326 | Tomb:2   | Reached skill level 5 in Ice Magic
113596 | Tomb:2   | Identified the +6 hunting sling of the Insatiable Ghosts {freeze, +Blink Str-2 Dex+5} (You found it on level 3 of the Elven Halls)
113600 | Tomb:2   | Got a scorched brass ring
113601 | Tomb:2   | Identified the ring "Rubuq" {Ice rN++ Int-4 Dex+2 Stlth+} (You found it on level 2 of the Tomb of the Ancients)
113972 | Tomb:1   | Noticed a greater mummy
113975 | Tomb:1   | Noticed a greater mummy
113982 | Tomb:1   | Killed a greater mummy
113987 | Tomb:1   | Killed a greater mummy
113993 | Tomb:1   | Noticed a greater mummy
114000 | Tomb:1   | Killed a greater mummy
114005 | Tomb:1   | Noticed a greater mummy
114010 | Tomb:1   | Killed a greater mummy
114037 | Tomb:1   | Noticed a greater mummy
114043 | Tomb:1   | Killed a greater mummy
114071 | Tomb:1   | Noticed a greater mummy
114073 | Tomb:1   | Killed a greater mummy
114082 | Tomb:1   | Noticed a greater mummy
114107 | Tomb:1   | Noticed a greater mummy
114110 | Tomb:1   | Noticed a greater mummy
114115 | Tomb:1   | Killed a greater mummy
114119 | Tomb:1   | Killed a greater mummy
114127 | Tomb:1   | Noticed a greater mummy
114137 | Tomb:1   | Killed a greater mummy
114138 | Tomb:1   | Killed a greater mummy
114204 | Tomb:1   | Noticed a greater mummy
114214 | Tomb:1   | Killed a greater mummy
114217 | Tomb:1   | Noticed a greater mummy
114220 | Tomb:1   | Noticed a greater mummy
114226 | Tomb:1   | Killed a greater mummy
114230 | Tomb:1   | Killed a greater mummy
114748 | Tomb:3   | Entered Level 3 of the Tomb of the Ancients
114949 | Tomb:3   | Reached skill level 5 in Summonings
115022 | Tomb:3   | Found the +2 shield of Resistance {rF+ rC+ MR+}
115029 | Tomb:3   | Found the +4 mace of Variability {chaos}
115041 | Tomb:3   | Noticed a greater mummy
115051 | Tomb:3   | Killed a greater mummy
115141 | Tomb:3   | Noticed a greater mummy
115144 | Tomb:3   | Killed a greater mummy
115156 | Tomb:3   | Got a golden rune of Zot
115162 | Tomb:3   | Noticed a greater mummy
115167 | Tomb:3   | Noticed a greater mummy
115168 | Tomb:3   | Noticed an ancient lich
115175 | Tomb:3   | Killed an ancient lich
115193 | Tomb:3   | Killed a greater mummy
115198 | Tomb:3   | Noticed a greater mummy
115199 | Tomb:3   | Killed a greater mummy
115202 | Tomb:3   | Killed a greater mummy
115203 | Tomb:3   | Noticed an ancient lich
115208 | Tomb:3   | Killed an ancient lich
115209 | Tomb:3   | Noticed a greater mummy
115223 | Tomb:3   | Killed a greater mummy
115451 | Tomb:3   | Noticed an ancient lich
115466 | Tomb:3   | Killed an ancient lich
115571 | Tomb:3   | Identified the ring of Irrepressible Laughter {rF+ Str+7 Stlth+} (You found it on level 3 of the Tomb of the Ancients)
115575 | Tomb:3   | Identified the ring "Dajir" {+Fly MR++ MP+9 Str+4 Dex-5} (You found it on level 3 of the Tomb of the Ancients)
115581 | Tomb:3   | Identified the Tome of Boosts and Evil Magic
115583 | Tomb:3   | Identified the +10 battleaxe of Terra Nullius {chop, Int+2 SInv Stlth+} (You found it on level 3 of the Tomb of the Ancients)
115642 | Tomb:3   | Learned a level 6 spell: Invisibility
115655 | Tomb:3   | Identified the Reference Book on Creative Stones
115661 | Tomb:3   | Learned a level 2 spell: Passwall
115670 | Tomb:3   | Learned a level 2 spell: Shroud of Golubria
116104 | Tomb:3   | Identified the cursed +2 halberd "Ykieca" {speed, rPois rN+ Int-3} (You found it on level 3 of the Tomb of the Ancients)
116787 | Pan      | Entered Pandemonium
116886 | Pan      | Noticed Vystruy the pandemonium lord
116904 | Pan      | Killed Vystruy the pandemonium lord
116995 | Pan      | Identified Neulasal's Catalogue of Helpful Bewitchment
117202 | Pan      | Found an exit through the horrors of the Abyss.
117889 | Pan      | Noticed Dial the pandemonium lord
118247 | Pan      | Killed Dial the pandemonium lord
119161 | Pan      | Reached skill level 1 in Transmutations
119254 | Pan      | Found an exit through the horrors of the Abyss.
119575 | Pan      | Noticed Qom Lama the pandemonium lord
119579 | Pan      | Killed Qom Lama the pandemonium lord
120624 | Pan      | Noticed Foschi the pandemonium lord
120628 | Pan      | Killed Foschi the pandemonium lord
121168 | Pan      | Found an exit through the horrors of the Abyss.
121585 | Pan      | Noticed Zuna the pandemonium lord
121611 | Pan      | Killed Zuna the pandemonium lord
122323 | Pan      | Noticed Huhao the pandemonium lord
123033 | Pan      | Found an exit through the horrors of the Abyss.
123646 | Pan      | Got a fine bronze ring
123647 | Pan      | Identified the ring of Moderation {Wiz SInv} (You found it in Pandemonium)
123932 | Pan      | Reached skill level 10 in Ice Magic
124163 | Pan      | Noticed Bearr the pandemonium lord
124175 | Pan      | Killed Bearr the pandemonium lord
124692 | Pan      | Found an exit through the horrors of the Abyss.
124897 | Pan      | Found a runed door.
124901 | Pan      | Reached skill level 15 in Stealth
124912 | Pan      | Found a runed door.
124955 | Pan      | Found a runed door.
125051 | Pan      | Found a runed door.
125234 | Pan      | Noticed Lavannau the pandemonium lord
125268 | Pan      | Killed Lavannau the pandemonium lord
125298 | Pan      | Identified the +0 pair of boots "Etabob" {Int-3 Dex+3 Slay+2} (You found it in Pandemonium)
125340 | Pan      | Learned a level 8 spell: Ignition
125883 | Pan      | Noticed Zolipip the pandemonium lord
125908 | Pan      | Killed Zolipip the pandemonium lord
126088 | Pan      | Found an exit through the horrors of the Abyss.
126312 | Pan      | Noticed Gidom the pandemonium lord
126331 | Pan      | Killed Gidom the pandemonium lord
127415 | Pan      | Noticed Keoc the pandemonium lord
127430 | Pan      | Killed Keoc the pandemonium lord
127651 | Pan      | Found a runed door.
128091 | Pan      | Found an exit through the horrors of the Abyss.
128431 | Pan      | Reached skill level 10 in Summonings
128680 | Pan      | Reached skill level 1 in Fire Magic
128944 | Pan      | Found an exit through the horrors of the Abyss.
129036 | Pan      | Noticed Tezynyss the pandemonium lord
129102 | Pan      | Killed Tezynyss the pandemonium lord
129354 | Depths:1 | Escaped Pandemonium
129600 | Pan      | Entered Pandemonium
129915 | Pan      | Found a transporter.
130086 | Pan      | Found a transporter.
130358 | Pan      | Got a warped lapis lazuli ring
130733 | Pan      | Identified the ring "Nicvir" {Wiz rPois MR+ Dex+5 Slay-4} (You found it in Pandemonium)
131032 | Pan      | Noticed Plog the pandemonium lord
131040 | Pan      | Killed Plog the pandemonium lord
131143 | Pan      | Found an exit through the horrors of the Abyss.
131503 | Pan      | Noticed Unoe the pandemonium lord
131509 | Pan      | Killed Unoe the pandemonium lord
131561 | Pan      | Found an exit through the horrors of the Abyss.
132324 | Pan      | Identified the +0 pair of boots of Boredom {MP+9} (You acquired it in Pandemonium)
132326 | Pan      | Found an exit through the horrors of the Abyss.
132620 | Pan      | Noticed Acuakles the pandemonium lord
132631 | Pan      | Killed Acuakles the pandemonium lord
132972 | Pan      | Reached skill level 5 in Fire Magic
133083 | Pan      | Noticed Soit the pandemonium lord
133112 | Pan      | Killed Soit the pandemonium lord
133285 | Pan      | Found an exit through the horrors of the Abyss.
133673 | Depths:1 | Escaped Pandemonium
133697 | Depths:1 | Voluntarily entered the Abyss.
134237 | Abyss:1  | Found a snail-covered altar of Cheibriados.
134279 | Abyss:1  | Found a snail-covered altar of Cheibriados.
134341 | Abyss:1  | Found a snail-covered altar of Cheibriados.
137013 | Abyss:3  | Found a corrupted altar of Lugonu.
137385 | Abyss:3  | Found a corrupted altar of Lugonu.
139047 | Depths:1 | Escaped the Abyss
139090 | Pan      | Entered Pandemonium
139327 | Pan      | Noticed Kiatoyfu the pandemonium lord
139350 | Pan      | Killed Kiatoyfu the pandemonium lord
140356 | Pan      | Found an exit through the horrors of the Abyss.
140417 | Pan      | Found a runed door.
140870 | Pan      | Noticed Qyfitaoq the pandemonium lord
140883 | Pan      | Killed Qyfitaoq the pandemonium lord
141399 | Pan      | Found an exit through the horrors of the Abyss.
141736 | Pan      | Noticed Lalaeq the pandemonium lord
141741 | Pan      | Killed Lalaeq the pandemonium lord
142006 | Pan      | Noticed Fitug the pandemonium lord
142013 | Pan      | Killed Fitug the pandemonium lord
142238 | Pan      | Found an exit through the horrors of the Abyss.
142739 | Pan      | Noticed Yteleluv the pandemonium lord
142744 | Pan      | Killed Yteleluv the pandemonium lord
143410 | Pan      | Got a translucent tin ring
143414 | Pan      | Identified the ring "Wior Link" {*Slow +Fly rPois Str+2 Stlth+} (You found it in Pandemonium)
143421 | Pan      | Identified the +3 ring mail of Valiance {rElec rCorr Int-2 Dex+7} (You found it in Pandemonium)
143675 | Pan      | Found a runed door.
144565 | Pan      | Noticed Jualeow the pandemonium lord
144713 | Pan      | Killed Jualeow the pandemonium lord
145021 | Pan      | Reached skill level 10 in Fire Magic
145221 | Pan      | Found an exit through the horrors of the Abyss.
145629 | Pan      | Noticed Obboid the pandemonium lord
145635 | Pan      | Killed Obboid the pandemonium lord
146302 | Pan      | Found an exit through the horrors of the Abyss.
147014 | Pan      | Found a runed door.
147151 | Pan      | Found an exit through the horrors of the Abyss.
147310 | Pan      | Found a runed door.
147329 | Pan      | Found a runed door.
147341 | Pan      | Found a runed door.
147524 | Pan      | Noticed Wurebim the pandemonium lord
147544 | Pan      | Killed Wurebim the pandemonium lord
147930 | Pan      | Noticed Voiptejo the pandemonium lord
147941 | Pan      | Killed Voiptejo the pandemonium lord
147987 | Pan      | Found an exit through the horrors of the Abyss.
148575 | Pan      | Found an exit through the horrors of the Abyss.
149391 | Pan      | Identified the Volume of the Serpent
149447 | Pan      | Found an exit through the horrors of the Abyss.
149919 | Pan      | Noticed Xebathrotub the pandemonium lord
150212 | Pan      | Noticed Ozutid the pandemonium lord
150220 | Pan      | Killed Ozutid the pandemonium lord
150438 | Pan      | Found an exit through the horrors of the Abyss.
150770 | Pan      | Found an exit through the horrors of the Abyss.
150770 | Pan      | Noticed Qadghyari the pandemonium lord
150829 | Pan      | Killed Qadghyari the pandemonium lord
150936 | Pan      | Reached skill level 15 in Ice Magic
151657 | Pan      | Found a runed door.
152397 | Pan      | Noticed Reczafel the pandemonium lord
152409 | Pan      | Killed Reczafel the pandemonium lord
152409 | Pan      | Reached skill level 27 in Dodging
152449 | Pan      | Noticed Hiasiriz the pandemonium lord
152451 | Pan      | Killed Hiasiriz the pandemonium lord
152578 | Pan      | Found an exit through the horrors of the Abyss.
152710 | Pan      | Identified the ring "Xoli" {Int+6 Dex+3 SInv} (You found it in Pandemonium)
153294 | Pan      | Noticed Igojatt the pandemonium lord
153299 | Pan      | Killed Igojatt the pandemonium lord
153315 | Pan      | Found an exit through the horrors of the Abyss.
153684 | Pan      | Reached skill level 15 in Summonings
154165 | Pan      | Noticed Qiproast the pandemonium lord
154177 | Pan      | Killed Qiproast the pandemonium lord
154757 | Pan      | Noticed Bucarcho the pandemonium lord
154765 | Pan      | Killed Bucarcho the pandemonium lord
155205 | Pan      | Found an exit through the horrors of the Abyss.
155540 | Pan      | Found an exit through the horrors of the Abyss.
155842 | Pan      | Noticed Pohiuc the pandemonium lord
155854 | Pan      | Killed Pohiuc the pandemonium lord
156992 | Pan      | Noticed Itumeits the pandemonium lord
157061 | Pan      | Killed Itumeits the pandemonium lord
157826 | Pan      | Identified the +8 large shield of Supple Strength {rC+} (You took it off a daeva in Pandemonium)
158224 | Pan      | Found an exit through the horrors of the Abyss.
158725 | Pan      | Found a runed door.
158742 | Pan      | Found a runed door.
158756 | Pan      | Found a runed door.
158767 | Pan      | Found a runed door.
158812 | Pan      | Reached skill level 27 in Stealth
158911 | Pan      | Found an exit through the horrors of the Abyss.
159404 | Pan      | Noticed Yxunotwe the pandemonium lord
159426 | Pan      | Killed Yxunotwe the pandemonium lord
159514 | Depths:1 | Escaped Pandemonium
159568 | Hell     | Learned a level 3 spell: Inner Flame
159620 | Pan      | Entered Pandemonium
159992 | Pan      | Found an exit through the horrors of the Abyss.
160054 | Pan      | Noticed Mucsuje the pandemonium lord
160063 | Pan      | Killed Mucsuje the pandemonium lord
160593 | Pan      | Found a runed door.
160677 | Pan      | Identified the +7 war axe "Giqy" {chop, *Corrode +Fly rF+ rC+} (You found it in Pandemonium)
160911 | Pan      | Noticed Leisips the pandemonium lord
160939 | Pan      | Killed Leisips the pandemonium lord
161121 | Pan      | Got a smoking amber ring
161124 | Pan      | Identified the ring "Guvvaw" {Wiz Dex+3} (You found it in Pandemonium)
161329 | Pan      | Found an exit through the horrors of the Abyss.
161653 | Pan      | Noticed Cargh the pandemonium lord
161661 | Pan      | Killed Cargh the pandemonium lord
162044 | Pan      | Found an exit through the horrors of the Abyss.
162699 | Pan      | Found an exit through the horrors of the Abyss.
162764 | Pan      | Noticed Vyojauda the pandemonium lord
162778 | Pan      | Killed Vyojauda the pandemonium lord
163342 | Pan      | Noticed Hasuly the pandemonium lord
163357 | Pan      | Killed Hasuly the pandemonium lord
163934 | Pan      | Found an exit through the horrors of the Abyss.
164177 | Pan      | Noticed Him Ugg the pandemonium lord
164211 | Pan      | Killed Him Ugg the pandemonium lord
164528 | Pan      | Reached skill level 15 in Fire Magic
164796 | Pan      | Identified the +2 pair of boots of the Secret Emperors {Dex+5} (You found it in Pandemonium)
165188 | Pan      | Identified the +1 plate armour "Joiddang" {Dex+3} (You found it in Pandemonium)
165212 | Pan      | Noticed Qoonla the pandemonium lord
165214 | Pan      | Killed Qoonla the pandemonium lord
165584 | Pan      | Found an exit through the horrors of the Abyss.
166136 | Pan      | Noticed Zutreczem the pandemonium lord
166147 | Pan      | Killed Zutreczem the pandemonium lord
166208 | Pan      | Identified the +2 chain mail "Suawn" {rC- Str+6} (You found it in Pandemonium)
166246 | Pan      | Found an exit through the horrors of the Abyss.
166967 | Pan      | Noticed Yxtiyq the pandemonium lord
167001 | Pan      | Killed Yxtiyq the pandemonium lord
167216 | Pan      | Found an exit through the horrors of the Abyss.
167698 | Pan      | Found an exit through the horrors of the Abyss.
167862 | Pan      | Noticed Ediyf the pandemonium lord
167873 | Pan      | Killed Ediyf the pandemonium lord
168692 | Pan      | Noticed Okkec the pandemonium lord
168695 | Pan      | Killed Okkec the pandemonium lord
168735 | Pan      | Noticed Dyvaedda the pandemonium lord
168742 | Pan      | Cast into level 5 of the Abyss (Dyvaedda)
168742 | Abyss:5  | Entered Level 5 of the Abyss
169020 | Pan      | Escaped the Abyss
169034 | Pan      | Killed Dyvaedda the pandemonium lord
169746 | Pan      | Found an exit through the horrors of the Abyss.
169968 | Pan      | Found a runed door.
170052 | Pan      | Noticed Aframualob the pandemonium lord
170066 | Pan      | Killed Aframualob the pandemonium lord
170506 | Pan      | Noticed Naucrut Tagy the pandemonium lord
170517 | Pan      | Killed Naucrut Tagy the pandemonium lord
170976 | Pan      | Noticed Pisyn the pandemonium lord
170990 | Pan      | Killed Pisyn the pandemonium lord
171174 | Pan      | Identified the +1 plate armour "Araexaef" {Dex+3} (You found it in Pandemonium)
171479 | Pan      | Learned a level 3 spell: Teleport Other
171518 | Pan      | Found an exit through the horrors of the Abyss.
171663 | Pan      | Noticed Gukk the pandemonium lord
171673 | Pan      | Killed Gukk the pandemonium lord
172081 | Pan      | Identified the +2 large shield of Jobuo {rCorr} (You found it in Pandemonium)
172096 | Pan      | Found an exit through the horrors of the Abyss.
172269 | Pan      | Noticed Mistrob the pandemonium lord
172285 | Pan      | Killed Mistrob the pandemonium lord
172714 | Pan      | Reached skill level 27 in Spellcasting
172754 | Pan      | Noticed Itugoa the pandemonium lord
172789 | Pan      | Killed Itugoa the pandemonium lord
173153 | Pan      | Found an exit through the horrors of the Abyss.
173234 | Pan      | Identified Gucije's Reference Book on the Rocks and Fire
173506 | Pan      | Found a runed door.
174396 | Pan      | Found an exit through the horrors of the Abyss.
174619 | Pan      | Noticed Uzaf the pandemonium lord
174625 | Pan      | Killed Uzaf the pandemonium lord
174675 | Pan      | Noticed Loihuir the pandemonium lord
174695 | Pan      | Killed Loihuir the pandemonium lord
175370 | Pan      | Identified the ring "Qazeo" {rC+ Str+4} (You found it in Pandemonium)
176155 | Pan      | Found an exit through the horrors of the Abyss.
176779 | Pan      | Noticed Ymuneso the pandemonium lord
176798 | Pan      | Killed Ymuneso the pandemonium lord
176870 | Pan      | Noticed Wierit Lotz the pandemonium lord
176887 | Pan      | Killed Wierit Lotz the pandemonium lord
177560 | Pan      | Found a huge runed gate.
177929 | Pan      | Noticed Uroju the pandemonium lord
177942 | Pan      | Killed Uroju the pandemonium lord
177974 | Pan      | Noticed Soyrep the pandemonium lord
178105 | Pan      | Killed Soyrep the pandemonium lord
178316 | Pan      | Reached skill level 27 in Earth Magic
178531 | Pan      | Found an exit through the horrors of the Abyss.
179169 | Pan      | Found an exit through the horrors of the Abyss.
179211 | Pan      | Noticed Uddyfoq the pandemonium lord
179219 | Pan      | Killed Uddyfoq the pandemonium lord
179510 | Pan      | Noticed Kohak Wogh the pandemonium lord
179517 | Pan      | Killed Kohak Wogh the pandemonium lord
179754 | Pan      | Found an exit through the horrors of the Abyss.
179982 | Pan      | Identified Ysiofaol's Disquisition on Stones
180690 | Pan      | Found an exit through the horrors of the Abyss.
180744 | Pan      | Noticed Pouxeph the pandemonium lord
180754 | Pan      | Killed Pouxeph the pandemonium lord
180982 | Pan      | Noticed Husa Opo the pandemonium lord
180992 | Pan      | Killed Husa Opo the pandemonium lord
181476 | Pan      | Found an exit through the horrors of the Abyss.
181562 | Pan      | Noticed Xudap the pandemonium lord
181566 | Pan      | Killed Xudap the pandemonium lord
181608 | Pan      | Noticed Eqewaju the pandemonium lord
181619 | Pan      | Killed Eqewaju the pandemonium lord
181959 | Pan      | Found an exit through the horrors of the Abyss.
182422 | Pan      | Found an exit through the horrors of the Abyss.
182908 | Pan      | Noticed Laekineh the pandemonium lord
182914 | Pan      | Killed Laekineh the pandemonium lord
183299 | Pan      | Found an exit through the horrors of the Abyss.
183335 | Pan      | Noticed Ikokaih the pandemonium lord
183980 | Pan      | Killed Ikokaih the pandemonium lord
184933 | Pan      | Noticed Otagaunt the pandemonium lord
184949 | Pan      | Killed Otagaunt the pandemonium lord
185420 | Pan      | Noticed Obomexal the pandemonium lord
185435 | Pan      | Killed Obomexal the pandemonium lord
185679 | Pan      | Found an exit through the horrors of the Abyss.
185972 | Pan      | Noticed Yghigofi the pandemonium lord
185975 | Pan      | Killed Yghigofi the pandemonium lord
186458 | Pan      | Identified the -1 cloak of Kuivelirch {rC+ Str+4} (You found it in Pandemonium)
186927 | Pan      | Found an exit through the horrors of the Abyss.
187033 | Pan      | Found a huge runed gate.
187426 | Pan      | Identified the +2 scale mail "Fytzidan" {Int+4} (You found it in Pandemonium)
187550 | Pan      | Noticed Uxoobos the pandemonium lord
187558 | Pan      | Killed Uxoobos the pandemonium lord
187660 | Pan      | Noticed Binkua the pandemonium lord
187670 | Pan      | Killed Binkua the pandemonium lord
188096 | Pan      | Found an exit through the horrors of the Abyss.
188453 | Pan      | Noticed Zasaq the pandemonium lord
188476 | Pan      | Killed Zasaq the pandemonium lord
188727 | Pan      | Identified the +5 halberd "Gisunoub" {flame, MR- Int+3 Dex+4} (You found it in Pandemonium)
189039 | Pan      | Found an exit through the horrors of the Abyss.
189609 | Pan      | Noticed Vamak the pandemonium lord
189629 | Pan      | Killed Vamak the pandemonium lord
189761 | Pan      | Found an exit through the horrors of the Abyss.
190020 | Pan      | Noticed Gyewuqe the pandemonium lord
190034 | Pan      | Killed Gyewuqe the pandemonium lord
190389 | Pan      | Found an exit through the horrors of the Abyss.
190999 | Pan      | Noticed Lesotwew the pandemonium lord
191003 | Pan      | Killed Lesotwew the pandemonium lord
191102 | Pan      | Found an exit through the horrors of the Abyss.
191168 | Pan      | Noticed Ogief the pandemonium lord
191201 | Pan      | Killed Ogief the pandemonium lord
191706 | Pan      | Found an exit through the horrors of the Abyss.
191812 | Pan      | Found a runed door.
191937 | Pan      | Noticed Weqot the pandemonium lord
191944 | Pan      | Killed Weqot the pandemonium lord
192004 | Pan      | Noticed Goahir the pandemonium lord
192009 | Pan      | Killed Goahir the pandemonium lord
192340 | Pan      | Found an exit through the horrors of the Abyss.
193018 | Pan      | Noticed Vasobihu the pandemonium lord
193023 | Pan      | Killed Vasobihu the pandemonium lord
193109 | Pan      | Noticed Reratry the pandemonium lord
193321 | Pan      | Found an exit through the horrors of the Abyss.
193507 | Pan      | Killed Reratry the pandemonium lord
193789 | Pan      | Found an exit through the horrors of the Abyss.
193844 | Pan      | Noticed Hajugy the pandemonium lord
193921 | Pan      | Killed Hajugy the pandemonium lord
194207 | Pan      | Identified Put Ogem's Volume of Transformation and Earth
194718 | Pan      | Found an exit through the horrors of the Abyss.
195283 | Pan      | Noticed Kunienul the pandemonium lord
195299 | Pan      | Killed Kunienul the pandemonium lord
195673 | Pan      | Noticed Zosyasodgh the pandemonium lord
195809 | Pan      | Killed Zosyasodgh the pandemonium lord
195919 | Pan      | Reached skill level 27 in Air Magic
196630 | Pan      | Reached skill level 15 in Translocations
196669 | Pan      | Noticed Zaobi the pandemonium lord
196682 | Pan      | Killed Zaobi the pandemonium lord
196689 | Pan      | Found an exit through the horrors of the Abyss.
196941 | Pan      | Reached skill level 27 in Fire Magic
197073 | Pan      | Noticed Duhobutt the pandemonium lord
197093 | Pan      | Killed Duhobutt the pandemonium lord
197201 | Pan      | Found a huge runed gate.
197221 | Pan      | Noticed Huschadd the pandemonium lord
197259 | Pan      | Killed Huschadd the pandemonium lord
197492 | Pan      | Identified the ring of the Median {Ice *Drain Int+4} (You acquired it in Pandemonium)
197706 | Pan      | Found an exit through the horrors of the Abyss.
197774 | Pan      | Identified the +9 great mace of Havoc {vamp, rN+++ Int-5 Dex+5} (You found it in Pandemonium)
197869 | Pan      | Noticed Misy the pandemonium lord
197886 | Pan      | Killed Misy the pandemonium lord
197987 | Pan      | Found an exit through the horrors of the Abyss.
198300 | Pan      | Identified the +1 dagger "Wytz" {holy, *Drain +Rage rN+ SInv} (You found it in Pandemonium)
198550 | Pan      | Found an exit through the horrors of the Abyss.
198911 | Pan      | Noticed Beruxt the pandemonium lord
198916 | Pan      | Killed Beruxt the pandemonium lord
199000 | Pan      | Noticed Aturonn the pandemonium lord
199036 | Pan      | Killed Aturonn the pandemonium lord
199257 | Pan      | Found an exit through the horrors of the Abyss.
199436 | Pan      | Identified the +0 plate armour of the Depths {rPois} (You acquired it in Pandemonium)
200306 | Pan      | Noticed Anguwu the pandemonium lord
200311 | Pan      | Killed Anguwu the pandemonium lord
200574 | Pan      | Found an exit through the horrors of the Abyss.
200764 | Pan      | Identified Duutomon's Compendium of Flamy Transmutation
200805 | Pan      | Found an exit through the horrors of the Abyss.
201131 | Pan      | Noticed Cevvenn the pandemonium lord
201514 | Pan      | Killed Cevvenn the pandemonium lord
201528 | Pan      | Found an exit through the horrors of the Abyss.
201560 | Pan      | Noticed Bounukhlydu the pandemonium lord
201569 | Pan      | Killed Bounukhlydu the pandemonium lord
202091 | Pan      | Noticed Otalu the pandemonium lord
202117 | Pan      | Killed Otalu the pandemonium lord
202241 | Pan      | Found an exit through the horrors of the Abyss.
203399 | Pan      | Identified the +4 scale mail "Esuihear" {+Fly rElec rN+} (You found it in Pandemonium)
203704 | Pan      | Found a huge runed gate.
203862 | Pan      | Noticed Jysaptim the pandemonium lord
203872 | Pan      | Killed Jysaptim the pandemonium lord
203872 | Pan      | Reached skill level 27 in Axes
204062 | Pan      | Found an exit through the horrors of the Abyss.
204354 | Pan      | Identified the ring of Vuale {Str+2 Slay+3} (You acquired it in Pandemonium)
204522 | Pan      | Noticed Liyra the pandemonium lord
204532 | Pan      | Killed Liyra the pandemonium lord
204896 | Pan      | Identified the +4 trident "Edualam" {antimagic, +Inv Int+3} (You found it in Pandemonium)
205071 | Pan      | Found a huge runed gate.
205079 | Pan      | Found an exit through the horrors of the Abyss.
205097 | Pan      | Identified the +7 chain mail of Vehumet {rPois rN+ MR+} (You found it in Pandemonium)
205572 | Pan      | Noticed Ynam the pandemonium lord
205595 | Pan      | Killed Ynam the pandemonium lord
205615 | Depths:1 | Escaped Pandemonium
205636 | Depths:1 | Learned a level 8 spell: Disjunction
205787 | Pan      | Entered Pandemonium
205815 | Pan      | Noticed Uloemomu the pandemonium lord
205821 | Pan      | Killed Uloemomu the pandemonium lord
206470 | Pan      | Noticed Xegikew the pandemonium lord
206473 | Pan      | Killed Xegikew the pandemonium lord
207100 | Depths:1 | Escaped Pandemonium
207135 | Zig:1    | Entered Level 1 of a ziggurat
207182 | Zig:2    | Entered Level 2 of a ziggurat
207183 | Zig:2    | Noticed Siveet the pandemonium lord
207191 | Zig:2    | Killed Siveet the pandemonium lord
207204 | Zig:3    | Entered Level 3 of a ziggurat
207353 | Zig:4    | Entered Level 4 of a ziggurat
207357 | Zig:4    | Noticed Buheyt the pandemonium lord
207376 | Zig:4    | Killed Buheyt the pandemonium lord
207392 | Zig:5    | Entered Level 5 of a ziggurat
207421 | Zig:5    | Identified the Papyrus of Helpful Calling
207427 | Zig:6    | Entered Level 6 of a ziggurat
207431 | Zig:6    | Found the +15 Maxwell's patent armour {-Cast -Tele rElec MR+ rCorr}
207526 | Zig:6    | Identified the amulet "Jecif" {Regen+ Str+8 Stlth-} (You found it on level 6 of a ziggurat)
207544 | Zig:6    | Identified the Papyrus of Transformation and Summoning
207551 | Zig:7    | Entered Level 7 of a ziggurat
207556 | Zig:7    | Noticed Elufu the pandemonium lord
207566 | Zig:7    | Killed Elufu the pandemonium lord
207595 | Zig:7    | Identified the Grimoire of the Assistive Entourage
207614 | Zig:8    | Entered Level 8 of a ziggurat
207617 | Zig:8    | Noticed tidbits's ghost (veteran GnIE)
207646 | Zig:8    | Killed tidbits's ghost
207677 | Zig:8    | Noticed Haisai the pandemonium lord
207686 | Zig:8    | Killed Haisai the pandemonium lord
207720 | Zig:8    | Identified Fillazur's Guide on the Nocuous Snowflakes
207909 | Zig:9    | Entered Level 9 of a ziggurat
207954 | Zig:9    | Identified the Almanac of Flying Enhancements
208100 | Zig:10   | Entered Level 10 of a ziggurat
208109 | Zig:10   | Noticed a juggernaut
208120 | Zig:10   | Killed a juggernaut
208186 | Zig:10   | Identified the ring "Megij" {MP+9 Str+3 Int+3 Slay+3} (You found it on level 10 of a ziggurat)
208188 | Zig:10   | Identified the ring "Arche Tiu" {Ice Dex+2} (You found it on level 10 of a ziggurat)
208205 | Zig:10   | Identified the Handbook of Attacks
208230 | Zig:11   | Entered Level 11 of a ziggurat
208655 | Zig:11   | Noticed an orb of fire
208666 | Zig:11   | Killed an orb of fire
208690 | Zig:11   | Noticed an orb of fire
208698 | Zig:11   | Found the +6 arbalest "Damnation" {damnation}
208699 | Zig:11   | Killed an orb of fire
208944 | Zig:11   | Identified the +1 chain mail "Eguf" {+Inv rPois MR- MP+9} (You found it on level 11 of a ziggurat)
208958 | Zig:12   | Entered Level 12 of a ziggurat
208967 | Zig:12   | Noticed an orb of fire
208971 | Zig:12   | Noticed an orb of fire
209023 | Zig:12   | Killed an orb of fire
209028 | Zig:12   | Killed an orb of fire
209063 | Zig:12   | Identified the +3 plate armour "Temicesiell" {+Inv rPois Int+7 Stlth-} (You found it on level 12 of a ziggurat)
209222 | Zig:13   | Entered Level 13 of a ziggurat
209253 | Zig:13   | Reached skill level 27 in Hexes
209270 | Zig:13   | Noticed an ancient lich
209278 | Zig:13   | Killed an ancient lich
209328 | Zig:13   | Found the +7 longbow "Piercer" {penet, EV-2}
209339 | Zig:13   | Reached skill level 5 in Transmutations
209365 | Zig:14   | Entered Level 14 of a ziggurat
209383 | Zig:14   | Noticed Zifoto the pandemonium lord
209383 | Zig:14   | Noticed Gom Usol the pandemonium lord
209390 | Zig:14   | Killed Zifoto the pandemonium lord
209393 | Zig:14   | Killed Gom Usol the pandemonium lord
209488 | Zig:15   | Entered Level 15 of a ziggurat
209596 | Zig:15   | Identified the Tome of Icy Changing
209605 | Zig:15   | Identified the +10 lajatang of Wufyd {freeze, rN++ Str+4 Dex+2} (You found it on level 15 of a ziggurat)
209685 | Zig:16   | Entered Level 16 of a ziggurat
209696 | Zig:16   | Noticed a greater mummy
209705 | Zig:16   | Killed a greater mummy
209707 | Zig:16   | Noticed a greater mummy
209709 | Zig:16   | Noticed a greater mummy
209709 | Zig:16   | Noticed a greater mummy
209713 | Zig:16   | Noticed a greater mummy
209713 | Zig:16   | Killed a greater mummy
209716 | Zig:16   | Killed a greater mummy
209718 | Zig:16   | Killed a greater mummy
209719 | Zig:16   | Killed a greater mummy
209853 | Zig:16   | Identified the Collected Works on Fetching Flames
209874 | Zig:16   | Identified the +8 large shield "Raeday" {rPois MR- Slay+3 SInv} (You acquired it on level 16 of a ziggurat)
209875 | Zig:16   | Identified the amulet of Xom's Entertainment {Spirit *Drain *Slow rPois rC+++} (You acquired it on level 16 of a ziggurat)
209881 | Zig:16   | Identified the +11 battleaxe of Indomitability {distort, rN+ SInv} (You found it on level 16 of a ziggurat)
209883 | Zig:17   | Entered Level 17 of a ziggurat
209928 | Zig:17   | Reached skill level 27 in Translocations
210157 | Zig:17   | Identified the ring "Itzix" {EV+3 Int+5} (You found it on level 17 of a ziggurat)
210159 | Zig:17   | Identified the ring "Boupsymm" {rF+ rC+ Str+4 Int+2 Slay+3} (You found it on level 17 of a ziggurat)
210161 | Zig:17   | Identified the ring of Geunat Zama {rElec rC- MR+++ Int-5 Stlth-} (You found it on level 17 of a ziggurat)
210168 | Zig:17   | Identified the ring "Jorgheexo" {rPois rC+} (You found it on level 17 of a ziggurat)
210170 | Zig:17   | Identified the Catalogue of Poison
210212 | Zig:18   | Entered Level 18 of a ziggurat
210231 | Zig:18   | Noticed Oneif the pandemonium lord
210231 | Zig:18   | Noticed Qaguin the pandemonium lord
210232 | Zig:18   | Noticed Vuegh the pandemonium lord
210232 | Zig:18   | Noticed Ageunaep the pandemonium lord
210236 | Zig:18   | Noticed Boadar Geu the pandemonium lord
210237 | Zig:18   | Noticed Ecrughen the pandemonium lord
210238 | Zig:18   | Noticed Kefuzixa the pandemonium lord
210238 | Zig:18   | Noticed Ziwielio the pandemonium lord
210243 | Zig:18   | Noticed Xeulea the pandemonium lord
210246 | Zig:18   | Killed Oneif the pandemonium lord
210249 | Zig:18   | Killed Ageunaep the pandemonium lord
210262 | Zig:18   | Killed Ziwielio the pandemonium lord
210263 | Zig:18   | Killed Kefuzixa the pandemonium lord
210265 | Zig:18   | Killed Xeulea the pandemonium lord
210266 | Zig:18   | Killed Boadar Geu the pandemonium lord
210268 | Zig:18   | Killed Ecrughen the pandemonium lord
210269 | Zig:18   | Killed Vuegh the pandemonium lord
210271 | Zig:18   | Found the +9 sword of Zonguldrok {reap}
210277 | Zig:18   | Killed Qaguin the pandemonium lord
210277 | Zig:18   | Reached skill level 15 in Evocations
210313 | Zig:18   | Identified the ring "Wefiusm" {+Fly Int+2 Stlth+} (You found it on level 18 of a ziggurat)
210318 | Zig:18   | Identified the ring of the Ancient Moons {MP+9 Str+2 Slay+2} (You found it on level 18 of a ziggurat)
210319 | Zig:18   | Identified the Catalogue of Bewitching Flight
210321 | Zig:18   | Identified the amulet "Hexibre" {Gourm rElec rF+ Int+4 Stlth+} (You found it on level 18 of a ziggurat)
210323 | Zig:18   | Identified the ring of Tato {rN+ MR- MP+9 Str+3} (You found it on level 18 of a ziggurat)
210327 | Zig:18   | Identified the Catalogue of Boosting Enchantment
210330 | Zig:18   | Identified the ring "Dairuor" {rN+ Int+3 SInv Stlth-} (You found it on level 18 of a ziggurat)
210449 | Zig:19   | Entered Level 19 of a ziggurat
210516 | Zig:19   | Noticed a juggernaut
210528 | Zig:19   | Noticed a juggernaut
210536 | Zig:19   | Killed a juggernaut
210538 | Zig:19   | Killed a juggernaut
210544 | Zig:19   | Reached skill level 10 in Transmutations
210620 | Zig:19   | Identified the Reference Book on Stones and Transmutation
210636 | Zig:19   | Identified the amulet "Cuevuty" {Gourm -Tele rElec rN+++ Str-5} (You found it on level 19 of a ziggurat)
210644 | Zig:20   | Entered Level 20 of a ziggurat
210691 | Zig:20   | Noticed a juggernaut
210692 | Zig:20   | Noticed a juggernaut
210692 | Zig:20   | Noticed a juggernaut
210692 | Zig:20   | Noticed a juggernaut
210693 | Zig:20   | Found the +8 Wrath of Trog {antimagic, *Rage}
210693 | Zig:20   | Noticed a juggernaut
210695 | Zig:20   | Noticed a juggernaut
210695 | Zig:20   | Noticed a juggernaut
210702 | Zig:20   | Killed a juggernaut
210702 | Zig:20   | Killed a juggernaut
210702 | Zig:20   | Killed a juggernaut
210703 | Zig:20   | Killed a juggernaut
210705 | Zig:20   | Killed a juggernaut
210708 | Zig:20   | Killed a juggernaut
210709 | Zig:20   | Killed a juggernaut
210715 | Zig:20   | Got a slimy bronze ring
210723 | Zig:20   | Identified the ring "Lauxtyth" {+Inv +Fly rElec rC+} (You found it on level 20 of a ziggurat)
210728 | Zig:20   | Identified the ring of Zezeoj {Slay+3 Stlth-} (You found it on level 20 of a ziggurat)
210748 | Zig:20   | Identified the cursed +1 chain mail of Ickaq {rN+ MR+} (You found it on level 20 of a ziggurat)
210769 | Zig:21   | Entered Level 21 of a ziggurat
210800 | Zig:21   | Noticed Agrougrou's ghost (legendary GrEE)
210821 | Zig:21   | Killed Agrougrou's ghost
210964 | Zig:21   | Identified the ring "Nozxy" {+Blink rC- rN+++ Dex+3 Stlth+} (You found it on level 21 of a ziggurat)
210969 | Zig:21   | Identified Vueboaboest's Almanac of Creation and Earth
211040 | Zig:22   | Entered Level 22 of a ziggurat
211082 | Zig:22   | Noticed an ancient lich
211094 | Zig:22   | Killed an ancient lich
211274 | Zig:22   | Found the +4 dagger "Morg" {pain, MR+ Int+5}
211281 | Zig:22   | Identified the ring of Ascent {Wiz rF+ rC+ rN+} (You found it on level 22 of a ziggurat)
211290 | Zig:22   | Identified the ring of Faanauba {rElec rC++ EV+1 Slay-2 SInv} (You found it on level 22 of a ziggurat)
211297 | Zig:22   | Identified the ring "Isout" {AC+3 Int+3} (You found it on level 22 of a ziggurat)
211304 | Zig:22   | Identified Musa's Further Progress in Witchery
211344 | Zig:23   | Entered Level 23 of a ziggurat
211548 | Zig:24   | Entered Level 24 of a ziggurat
211562 | Zig:24   | Noticed a greater mummy
211569 | Zig:24   | Noticed a greater mummy
211570 | Zig:24   | Noticed a greater mummy
211573 | Zig:24   | Noticed a greater mummy
211576 | Zig:24   | Killed a greater mummy
211581 | Zig:24   | Noticed a greater mummy
211583 | Zig:24   | Noticed a greater mummy
211584 | Zig:24   | Noticed a greater mummy
211587 | Zig:24   | Noticed a greater mummy
211589 | Zig:24   | Killed a greater mummy
211589 | Zig:24   | HP: 6/245 [guardian mummy's death curse (12)]
211589 | Zig:24   | Killed a greater mummy
211589 | Zig:24   | Killed a greater mummy
211589 | Zig:24   | Killed by a greater mummy's death curse

Skill      XL: |  1  2  3  4  5  6  7  8  9 10 11 12 13 14 15 16 17 18 19 20 21 22 23 24 25 26 27 |
---------------+----------------------------------------------------------------------------------+-----
Shields        | 4 5 6 7 8 9 10 11 13 14 16 17 18 | 18.1
Axes           | 3 4 5 6 7 9 10 12 13 15 16 17 18 19 20 21 22 23 24 27 | 27.0
Dodging        | 1 2 3 5 6 7 8 9 10 11 27 | 27.0
Armour         | 4 5 6 7 8 9 10 11 12 13 14 15 16 27 | 27.0
Fighting       | 4 6 7 8 9 10 11 12 13 14 15 16 17 18 19 27 | 27.0
Stealth        | 1 2 27 | 27.0
Invocations    | 1 2 3 5 7 9 10 11 12 13 14 27 | 27.0
Staves         | 1 14 | 14.2
Spellcasting   | 2 4 6 7 27 | 27.0
Charms         | 3 5 7 8 13 | 13.2
Necromancy     | 3 5 7 8 9 |  9.5
Translocations | 3 5 27 | 27.0
Maces & Flails | 1 |  1.9
Evocations     | 18 | 18.0
Air Magic      | 27 | 27.0
Hexes          | 27 | 27.0
Earth Magic    | 27 | 27.0
Ice Magic      | 26 | 26.9
Summonings     | 18 | 18.4
Transmutations | 14 | 14.0
Fire Magic     | 27 | 27.0
Conjurations   | 3 |  3.2

Action                   |  1- 3 |  4- 6 |  7- 9 | 10-12 | 13-15 | 16-18 | 19-21 | 22-24 | 25-27 || total
-------------------------+-------+-------+-------+-------+-------+-------+-------+-------+-------++-------
Melee: War axe           |   127 |    89 |   409 |   380 |    55 |       |       |       |       ||  1060
       Hand axe          |       |       |       |    12 |       |       |       |       |       ||    12
       Battleaxe         |       |       |       |    45 |   762 |  1165 |  1135 |       |    26 ||  3133
       Executioner's axe |       |       |       |       |    47 |       |   154 |   917 | 20548 || 21666
       Lajatang          |       |       |       |       |    23 |       |       |       |    24 ||    47
       Sacred scourge    |       |       |       |       |       |       |       |       |   136 ||   136
       Demon whip        |       |       |       |       |       |       |       |       |    21 ||    21
       Dire flail        |       |       |       |       |       |       |       |       |    14 ||    14
       Broad axe         |       |       |       |       |       |       |       |       |     6 ||     6
 Cast: Passage of Golubr |       |       |       |       |       |       |       |       |    56 ||    56
       Aura of Abjuratio |       |       |       |       |       |       |       |       |    46 ||    46
       Silence           |       |       |       |       |       |       |       |       |    16 ||    16
       Darkness          |       |       |       |       |       |       |       |       |    11 ||    11
       Ignition          |       |       |       |       |       |       |       |       |     8 ||     8
       Tornado           |       |       |       |       |       |       |       |       |     7 ||     7
       Swiftness         |       |       |       |       |       |       |       |       |     6 ||     6
       Metabolic Englaci |       |       |       |       |       |       |       |       |     6 ||     6
       Passwall          |       |       |       |       |       |       |       |       |     3 ||     3
       Apportation       |       |       |       |       |       |       |       |       |     1 ||     1
       Shatter           |       |       |       |       |       |       |       |       |     1 ||     1
       Inner Flame       |       |       |       |       |       |       |       |       |     1 ||     1
       Disjunction       |       |       |       |       |       |       |       |       |     1 ||     1
Invok: Heroism           |       |       |       |     4 |     8 |     3 |     1 |     2 |       ||    18
       Finesse           |       |       |       |       |     4 |     1 |       |     1 |       ||     6
       Vitalisation      |       |       |       |       |       |       |       |       |   142 ||   142
       Imprison          |       |       |       |       |       |       |       |       |    26 ||    26
       Recite            |       |       |       |       |       |       |       |       |    14 ||    14
       Sanctuary         |       |       |       |       |       |       |       |       |     9 ||     9
       Divine Shield     |       |       |       |       |       |       |       |       |     2 ||     2
       Cleansing Flame   |       |       |       |       |       |       |       |       |     2 ||     2
       Donate Gold       |       |       |       |       |       |       |       |       |     1 ||     1
       Brand Weapon With |       |       |       |       |       |       |       |       |     1 ||     1
 Abil: Dig               |       |       |       |     6 |       |     1 |     1 |     1 |   253 ||   262
       Shaft Self        |       |       |       |       |     1 |       |       |       |       ||     1
       Evoke Flight      |       |       |       |       |       |       |       |       |    14 ||    14
       Stop Flying       |       |       |       |       |       |       |       |       |     3 ||     3
       Evoke Ratskin     |       |       |       |       |       |       |       |       |     1 ||     1
Evoke: Wand              |       |       |       |     5 |       |     2 |       |       |    27 ||    34
       Figurine of a zig |       |       |       |       |       |       |       |       |     1 ||     1
  Use: Scroll            |     5 |     7 |    12 |    11 |    18 |     8 |    11 |    12 |   191 ||   275
       Potion            |     3 |       |     1 |       |     2 |       |       |       |    81 ||    87
 Stab: Distracted        |       |       |       |       |       |       |     1 |     1 |   340 ||   342
       Sleeping          |       |       |       |       |       |       |       |       |    33 ||    33
       Confused          |       |       |       |       |       |       |       |       |     9 ||     9
       Invisible         |       |       |       |       |       |       |       |       |     1 ||     1
       Petrifying        |       |       |       |       |       |       |       |       |     1 ||     1
       Paralysed         |       |       |       |       |       |       |       |       |     1 ||     1
  Eat: Chunk             |     1 |     3 |    12 |     8 |    11 |    11 |    17 |    14 |    30 ||   107
       Ration            |       |       |     1 |     4 |     6 |     7 |     4 |     2 |   171 ||   195
Armor: Scale mail        |    61 |    34 |   136 |    33 |       |       |       |       |       ||   264
       Gold dragon scale |       |       |       |   189 |   338 |   212 |   279 |   324 |  1951 ||  3293
       Pearl dragon scal |       |       |       |       |       |       |       |       |   819 ||   819
       Skin              |       |       |       |       |       |       |       |       |    49 ||    49
       Fire dragon scale |       |       |       |       |       |       |       |       |     1 ||     1
Dodge: Dodged            |    40 |    41 |   151 |    85 |   112 |   100 |   152 |   189 |  5307 ||  6177
Block: Shield            |    65 |    64 |   270 |    90 |       |       |       |       |       ||   489
       Large shield      |       |       |       |   201 |   968 |  1241 |  1292 |  1204 | 19538 || 24444
